 Dungeon Crawl Stone Soup version 0.17.1-3-g152610e (webtiles) character file.

12631763 Lorraine the Talismancer (level 27, 298/298 HPs)
             Began as a Deep Dwarf Fighter on Apr 26, 2016.
             Was the Champion of Makhleb.
             Escaped with the Orb
             ... and 15 runes on May 3, 2016!
             The game lasted 11:36:23 (134340 turns).

Lorraine the Talismancer (Deep Dwarf Fighter)     Turns: 134340, Time: 11:36:23

Health: 298/298    AC: 53    Str: 39    XL:     27
Magic:  61/61      EV: 17    Int: 26    God:    Makhleb [******]
Gold:   16036      SH: 38    Dex: 13    Spells: 12 memorised, 2 levels left

rFire  + + .     SeeInvis .     B - +11 war axe "Pendulum" {speed, *Noise Str+3}
rCold  + + .     Clarity  .     s - +9 armour of the Dragon King {rPois rF+ rC+ MR+}
rNeg   + + +     SustAt   .     K - +18 shield of the gong {rElec rN+ MR+ EV-5}
rPois  +         Gourm    .     u - +3 hat of Pondering {ponderous, MR+ MP+10 Int+5}
rElec  +         Spirit   .     w - +4 dragonskin cloak
rCorr  .         Warding  +     y - +2 pair of gloves of Zamyozu {rN++ Int+3}
rMut   .         Rnd*Tele +     M - +2 pair of boots {Fly}
MR     +++++                    c - macabre finger necklace {Ward rN+}
Stlth  +.........               b - ring of the Heavens {Wiz Str+3 Int+3 Dex-3}
                                O - ring "Hiovium" {+/*Tele rF+ Str+3 Dex+4 Slay+3}
                                R - ring of the Mage {Wiz MR++ Int+3}

@: flying, non-regenerating, slow, almost entirely resistant to hostile
enchantments, very unstealthy
A: damage resistance, recharge devices, negative energy resistance 1, sense
surroundings 3, slow regeneration 3
a: Device Recharging, Minor Destruction, Lesser Servant of Makhleb, Major
Destruction, Greater Servant of Makhleb, Renounce Religion, Stop Flying, Evoke
Teleportation
0: Orb of Zot
}: 15/15 runes: decaying, serpentine, slimy, silver, golden, iron, obsidian,
icy, bone, abyssal, demonic, glowing, magical, fiery, dark


You escaped.
You worshipped Makhleb.
Makhleb was exalted by your worship.
You were not hungry.

You visited 18 branches of the dungeon, and saw 95 of its levels.
You visited Pandemonium 4 times, and saw 29 of its levels.
You visited the Abyss 3 times.
You completed 4 ziggurats, and saw 108 of their levels.
You also visited: Labyrinth, Trove and Volcano.

You collected 20130 gold pieces.
You spent 4094 gold pieces at shops.

Inventory:

Hand Weapons
 B - the +11 war axe "Pendulum" (weapon) {speed, *Noise Str+3}
   (You found it on level 7 of a ziggurat)

   Attacks with this weapon are significantly faster.
   It affects your strength (+3).
   It may make noises in combat.
 P - the +10 sword of Jihad {holy, *Rage rN+ EV+3 Stlth-}
   (You found it on level 19 of a ziggurat)

   It has been blessed by the Shining One to cause great damage to the undead
   and demons.
   It affects your evasion (+3).
   It protects you from negative energy.
   It may make you go berserk in combat.
   It makes you less stealthy.
 T - the +7 Sceptre of Torment
   (You found it on level 25 of a ziggurat)
Armour
 s - the +9 armour of the Dragon King (worn) {rPois rF+ rC+ MR+}
   (You found it on level 3 of the Vaults)

   It protects you from fire.
   It protects you from cold.
   It protects you from poison.
   It affects your resistance to hostile enchantments.
 u - the +3 hat of Pondering (worn) {ponderous, MR+ MP+10 Int+5}
   (You found it on level 13 of a ziggurat)

   It affects your intelligence (+5).
   It affects your resistance to hostile enchantments.
   It affects your magic capacity (+10).
 w - the +4 dragonskin cloak (worn)
   (You took it off Tiamat on level 2 of the Realm of Zot)
 y - the +2 pair of gloves of Zamyozu (worn) {rN++ Int+3}
   (You found it on level 26 of a ziggurat)

   It affects your intelligence (+3).
   It greatly protects you from negative energy.
 K - the +18 shield of the gong (worn) {rElec rN+ MR+ EV-5}
   (You found it on level 18 of a ziggurat)

   It affects your evasion (-5).
   It insulates you from electricity.
   It protects you from negative energy.
   It affects your resistance to hostile enchantments.
 M - a +2 pair of boots of flying (worn)
Jewellery
 b - the ring of the Heavens (right hand) {Wiz Str+3 Int+3 Dex-3}
   (You found it on level 18 of a ziggurat)

   [ring of wizardry]

   It improves your spell success rate.
   It affects your strength (+3).
   It affects your intelligence (+3).
   It affects your dexterity (-3).
 c - the macabre finger necklace (around neck) {Ward rN+}
   (You found it on level 17 of a ziggurat)

   [amulet of warding]

   It may prevent the melee attacks of summoned creatures.
   It protects you from negative energy.
 O - the ring "Hiovium" (left hand) {+/*Tele rF+ Str+3 Dex+4 Slay+3}
   (You found it on level 18 of a ziggurat)

   [ring of teleportation]

   It may teleport you next to monsters, and can be evoked to randomly teleport.
   It affects your strength (+3).
   It affects your dexterity (+4).
   It affects your accuracy and damage with ranged weapons and melee attacks
   (+3).
   It protects you from fire.
 R - the ring of the Mage (on amulet) {Wiz MR++ Int+3}
   (You found it on level 19 of a ziggurat)

   [ring of wizardry]

   It improves your spell success rate.
   It affects your intelligence (+3).
   It affects your resistance to hostile enchantments.
Wands
 l - a wand of invisibility (7)
 z - a wand of cold (8)
 A - a wand of teleportation (5)
 D - a wand of fire (6)
 L - a wand of digging (15)
 Q - a wand of hasting (7)
 X - a wand of heal wounds (4)
Scrolls
 a - 8 scrolls of immolation
 d - 34 scrolls of amnesia
 e - 49 scrolls of fog
 k - 21 scrolls of holy word
 q - 22 scrolls of blinking
 t - 105 scrolls of remove curse
 v - 83 scrolls of teleportation
 S - 6 scrolls of magic mapping
 V - 11 scrolls of recharging
Potions
 j - 18 potions of brilliance
 m - 6 potions of magic
 p - 3 potions of resistance
 x - 8 potions of heal wounds
 C - 6 potions of lignification
 F - 46 potions of cure mutation (quivered) {!q}
 H - a potion of might
 I - 2 potions of agility
 J - 8 potions of curing
 U - 12 potions of haste
Miscellaneous
 g - a crystal ball of energy
 h - a phial of floods
 r - a legendary deck of changes {Dowsing}
 E - a lamp of fire
 G - a disc of storms
 W - a fan of gales
 Z - 26 phantom mirrors
Comestibles
 f - 29 bread rations


   Skills:
 O Level 27 Fighting
 O Level 27 Long Blades
 O Level 27 Axes
 O Level 27 Maces & Flails
 O Level 27 Staves
 O Level 27 Throwing
 O Level 27 Armour
 O Level 27 Dodging
 O Level 27 Stealth
 O Level 27 Shields
 O Level 27 Unarmed Combat
 O Level 27 Spellcasting
 O Level 27 Conjurations
 O Level 27 Hexes
 O Level 27 Charms
 O Level 27 Summonings
 O Level 27 Necromancy
 O Level 27 Translocations
 O Level 27 Transmutations
 O Level 27 Fire Magic
 O Level 27 Air Magic
 O Level 27 Earth Magic
 O Level 27 Poison Magic
 O Level 27 Invocations
 O Level 27 Evocations


You had 2 spell levels left.
You knew the following spells:

 Your Spells              Type           Power        Failure   Level  Hunger
a - Shatter               Erth           ########..   4%          9    #####..
b - Blink                 Tloc           N/A          0%          2    None
c - Controlled Blink      Tloc           N/A          1%          8    ####...
d - Discord               Hex            ########..   1%          8    ####...
f - Fire Storm            Conj/Fire      ########..   4%          9    #####..
h - Haste                 Chrm           ########     1%          6    None
n - Necromutation         Trmt/Necr      ########..   1%          8    ####...
s - Statue Form           Trmt/Erth      ########.    1%          6    None
t - Tornado               Air            ########..   4%          9    #####..
A - Aura of Abjuration    Summ           ########..   0%          5    None
C - Cure Poison           Pois           ########..   0%          2    None
D - Deflect Missiles      Chrm/Air       ########..   1%          6    None


Dungeon Overview and Level Annotations

Branches:
Dungeon (15/15)            Temple (1/1) D:4            Lair (8/8) D:10
  Swamp (4/4) Lair:4        Snake (4/4) Lair:6        Slime (6/6) Lair:7
    Orc (4/4) D:12            Elf (3/3) Orc:3        Vaults (5/5) D:14
  Crypt (3/3) Vaults:2       Tomb (3/3) Crypt:3      Depths (5/5) D:15
   Hell (1/1)                 Dis (7/7) Hell            Geh (7/7) Hell
    Coc (7/7) Hell            Tar (7/7) Hell            Zot (5/5) Depths:5

Altars:
Ashenzari
Cheibriados
Dithmenos
Elyvilon
Fedhas
Gozag
Kikubaaqudgha
Makhleb
Nemelex Xobeh
Okawaru
Qazlal
Ru
Sif Muna
Trog
Vehumet
Xom
Yredelemnul
Zin
The Shining One
Beogh
Jiyva

Shops:
D:6 *   D:8 [   D:9 (   Orc:3 %   Orc:4 =[:(   Elf:1 [   Elf:2 %   Elf:3 (
Snake:2 (   Vaults:1 :   Vaults:5 [

Portals:
Hell: Lair:8 Depths:1 Depths:2 Depths:3 Depths:4 Depths:5
Abyss: Depths:1 Depths:2 Depths:3 Depths:4
Pandemonium: Depths:3 Depths:4


Innate Abilities, Weirdness & Mutations

You are resistant to damage.
You can recharge devices by infusing magical energy.
You resist negative energy.
You passively map a large area around you.
You do not regenerate naturally.


Message History

The soul eater barely misses your fire vortex.
Unknown command.
Drink which item? (? for menu, Esc to quit)
You feel better.
Casting: Fire Storm
Confirm with . or Enter, or press ? or * to list all spells.
Aiming: Fire Storm
Press: ? - help, Dir - move target cursor, f - soul eater
Aim: a soul eater A raging storm of fire appears!
The great blast of fire engulfs the soul eater.
The soul eater is almost dead.
The soul eater is engulfed in roaring flames.
You kill the soul eater!
Makhleb accepts your kill.
Evoke which item? (* to show all) (? for menu, Esc to quit)
You gaze into the crystal ball.
You are suffused with power!
Evoke which item? (* to show all) (? for menu, Esc to quit)
You gaze into the crystal ball.
You are suffused with power!
You have escaped!

..## #...###.........###...#
...# #..## ##.......## ##..#
...# #..# #.......# #..#
...###..## ##.......## ##..#
.....#...###.....v...###...#
.....#....v................#
.....#....§..v.............#
.....#.....§§v.............#
.....#....§v...[@..........#
..........vv§..............#
.............§.............#
...........v...............#
.........###.........###...#
.#......## ##.......## ##..#
.#####..# #.......# #..#
........## ##..v....## ##..#
.####....###.........###...#


There were no monsters in sight!

Vanquished Creatures
  Cerebov (Pan)
  Antaeus (Coc:7)
  Asmodeus (Geh:7)
  the royal jelly (Slime:6)
  Gloorx Vloq (Pan)
  A seraph (Zot:5)
  the Serpent of Hell (Dis:7)
  Mnoleg (Pan)
  Lom Lobon (Pan)
  Dispater (Dis:7)
  132 ancient liches
  32 orbs of fire
  Mennas (Crypt:3)
  The ghost of NicuTudor the Executioner, a master DDFi of Makhleb (Tomb:3)
  17 juggernauts
  2 juggernauts (shapeshifter) (Zig:27)
  The ghost of Heskey the Conqueror, a legendary GrFi of Okawaru (Zot:5)
  98 greater mummies
  7 shard shrikes
  Norris (Vaults:2)
  Saint Roka (Snake:3)
  Vashnia (Snake:3)
  2 caustic shrikes (shapeshifter)
  114 Killer Klowns
  17 curse toes
  18 caustic shrikes
  Geryon (Hell)
  77 golden dragons
  Nikola (Snake:3)
  A golden dragon (shapeshifter) (Zig:27)
  20 profane servitors
  Jory (Tar:4)
  The ghost of simples the Severer, an adept MiBe of Trog (Vaults:5)
  18 pearl dragons (Zig:20)
  73 bone dragons
  5 electric golems
  10 hellephants
  87 liches
  65 Brimstone Fiends
  Jorgrun (Tomb:2)
  46 Ice Fiends
  60 tentacled monstrosities
  31 Orb Guardians
  47 Hell Sentinels
  444 large abominations
  14 quicksilver dragons (shapeshifter)
  226 pandemonium lords
  27 deep elf blademasters
  18 quicksilver dragons
  94 titans
  56 deep elf master archers
  95 acid blobs
  22 sphinxes
  72 Executioners
  51 Shadow Fiends
  An acid blob (shapeshifter) (Zig:27)
  10 death cobs
  44 octopode crushers
  7 eldritch tentacles
  117 tentacled starspawn
  A kraken (shapeshifter) (Zig:21)
  A storm dragon (shapeshifter) (Zig:27)
  94 ancient champions
  40 warmongers
  11 shadow dragons (shapeshifter)
  36 shadow dragons
  10 thorn hunters
  47 azure jellies
  28 storm dragons
  27 draconian monks
  12 sphinxes (shapeshifter)
  5 fire giants (shapeshifter)
  26 tengu reavers
  91 revenants
  Wiglaf (Snake:2)
  33 frost giants
  11 azure jellies (shapeshifter)
  81 fire giants
  78 orc warlords
  18 daevas
  38 black suns
  10 frost giants (shapeshifter)
  74 ghost moths
  An iron dragon (shapeshifter) (Zig:21)
  30 draconian knights
  118 balrugs
  25 iron dragons
  188 greater nagas
  Aizul (Snake:1)
  Louise (D:15)
  27 draconian scorchers
  2 emperor scorpions (shapeshifter)
  22 juggernaut zombies
  62 vault wardens
  14 deep elf sorcerers
  60 curse skulls
  27 draconian zealots
  19 angels
  74 cacodemons
  21 emperor scorpions
  A ghost moth (shapeshifter) (Zig:26)
  28 draconian shifters
  55 war gargoyles
  57 ironheart preservers
  19 caustic shrike zombies
  33 draconian annihilators
  2 spriggan defenders (Depths:3)
  199 reapers
  45 ghouls
  10 caustic shrike skeletons
  29 blood saints
  146 stone giants
  5 elemental wellsprings
  104 very ugly things
  13 apis (Zig:20)
  19 juggernaut skeletons
  16 stone giants (shapeshifter)
  24 draconian callers
  10 ophanim
  9 salamander firebrands
  29 green draconians
  Nessos (Lair:6)
  38 white draconians
  92 vampire knights
  28 corrupters
  35 deep elf demonologists
  33 black draconians
  54 chaos champions
  71 salamander stormcallers
  20 yellow draconians
  47 ettins
  3 dire elephants (shapeshifter)
  49 deep elf annihilators
  34 bennus
  32 red draconians
  The ghost of ThereIsNoGod the Blocker, a journeyman DDFi of Makhleb (D:14)
  25 dire elephants
  48 lorocyprocas
  34 mottled draconians
  31 purple draconians
  4 ettins (shapeshifter)
  69 blizzard demons
  Snorg (Lair:7)
  65 deep elf death magi
  48 merfolk javelineers
  41 vault guards
  106 eidola
  33 jiangshi
  22 death oozes
  9 quicksilver dragon zombies
  A kraken zombie (Coc:1)
  30 deep elf high priests
  62 green deaths
  A minotaur (Lab)
  15 crystal guardians
  80 mummy priests
  Josephine (Orc:4)
  A minotaur (shapeshifter) (Zig:27)
  12 merfolk impalers
  A spectral kraken (Tar:7)
  58 great orbs of eyes
  63 yaktaur captains
  75 fire dragons
  Fannar (Lair:3)
  41 entropy weavers
  12 quicksilver dragon skeletons
  34 ice dragons
  48 naga warriors
  10 ghost crabs
  16 monstrous demonspawn
  7 spriggan air magi
  5 ghost crabs (shapeshifter)
  31 hell beasts
  34 rakshasas
  43 anacondas
  4 merfolk avatars
  A catoblepas (shapeshifter) (Zig:12)
  Erica (Lair:1)
  6 alligator snapping turtles (shapeshifter)
  18 catoblepae
  25 centaur warriors
  4 anacondas (shapeshifter)
  22 alligator snapping turtles
  49 hydras
  25 dancing weapons
  A satyr (shapeshifter) (Zig:26)
  35 merfolk aquamancers
  A death yak (shapeshifter) (Zig:18)
  117 thrashing horrors
  4 tengu warriors
  44 death knights
  6 satyrs
  4 queen ants (shapeshifter)
  59 vampire magi
  29 alligators
  10 death yaks
  An alligator (shapeshifter) (Zig:10)
  30 ogre magi
  46 shock serpents
  33 titan zombies
  69 naga sharpshooters
  7 deep troll shamans
  102 soul eaters
  204 small abominations
  73 orc high priests
  A spriggan berserker (Depths:3)
  48 hell knights
  5 shock serpents (shapeshifter)
  6 holy swine (Pan)
  133 sun demons
  43 hell hogs
  Sonja (Lair:1)
  68 shadow wraiths
  16 iron golems
  27 titan skeletons
  10 iron trolls (shapeshifter)
  2 death drakes (shapeshifter)
  83 deep elf knights
  123 wretched stars
  161 skeletal warriors
  9 fire crabs
  22 storm dragon zombies
  26 golden dragon zombies
  8 death drakes
  52 iron trolls
  73 death scarabs
  15 infernal demonspawn
  94 flayed ghosts
  23 storm dragon skeletons
  23 torturous demonspawn
  2 ghost moth zombies
  3 ball lightnings (Pan)
  24 salamander mystics
  19 unseen horrors
  59 phantasmal warriors
  40 spatial maelstroms
  16 sea snakes
  4 deep trolls (shapeshifter)
  21 tengu zombies
  4 giant orange brains (shapeshifter)
  108 shadow demons
  18 shadow dragon zombies
  4 hill giants (shapeshifter)
  7 spriggan druids
  24 giant orange brains
  39 naga ritualists
  11 anaconda zombies
  18 cherubim
  101 ice devils
  69 deep elf summoners
  A quicksilver dragon simulacrum (Abyss:3)
  5 swamp dragons (shapeshifter)
  6 sea snakes (shapeshifter)
  32 swamp dragons
  4 unseen horrors (shapeshifter)
  42 orc knights
  51 ironbrand convokers
  2 lindwurms (Swamp:4)
  7 shambling mangroves
  64 deep elf conjurers
  35 deep trolls
  Pikel (D:6)
  45 harpies
  16 gelid demonspawn (Pan)
  25 putrid demonspawn
  8 oklob plants
  An anubis guard (shapeshifter) (Zig:14)
  25 golden dragon skeletons
  3 lindwurms (shapeshifter) (Zig:21)
  15 sphinx zombies
  12 wizards
  3 manticores (shapeshifter)
  11 anaconda skeletons
  2 harpies (shapeshifter)
  26 iron dragon zombies
  18 necromancers
  3 orb spiders (shapeshifter)
  5 wolf spider zombies
  6 mana vipers (shapeshifter)
  2 shining eyes (shapeshifter)
  9 fire giant zombies
  51 hornets
  114 ugly things
  3 salamanders (shapeshifter)
  30 salamanders
  12 frost giant zombies
  53 orb spiders
  6 stone giant zombies
  17 manticores
  25 shadow dragon skeletons
  17 tengu skeletons
  5 cyclopes (shapeshifter)
  31 cyclopes
  25 mana vipers
  5 moths of wrath (shapeshifter)
  5 wolf spiders (shapeshifter)
  24 griffons
  72 orc sorcerers
  32 shining eyes
  22 hill giants
  A glowing shapeshifter (Zig:20)
  45 anubis guards
  A faun (shapeshifter) (Zig:20)
  21 sphinx skeletons
  5 guardian serpents (shapeshifter)
  9 fauns
  4 griffons (shapeshifter)
  15 water nymphs
  13 iron dragon skeletons
  35 worldbinders
  6 centaur zombies
  4 water nymphs (shapeshifter)
  79 wolf spiders
  A toenail golem (Volcano)
  2 hornets (shapeshifter) (Zig:21)
  16 elephants
  101 rust devils
  22 eyes of devastation
  12 frost giant skeletons
  84 moths of wrath
  2 dire elephant zombies (Coc:5)
  4 octopodes (shapeshifter)
  77 sixfirhies
  17 fire giant skeletons
  65 vault sentinels
  7 sirens
  7 stone giant skeletons
  A torpor snail (shapeshifter) (Zig:20)
  54 guardian serpents
  161 black mambas
  87 naga magi
  195 smoke demons
  5 ice statues
  64 apocalypse crabs
  4 kobold demonologists
  2 elephants (shapeshifter)
  21 spriggan zombies
  15 torpor snails
  3 black mambas (shapeshifter)
  5 spiny frogs (shapeshifter)
  Psyche (D:8)
  85 orange demons
  A storm dragon simulacrum (Zig:25)
  9 gargoyles
  4 eyes of devastation (shapeshifter)
  21 spriggan skeletons
  A shock serpent skeleton (Crypt:3)
  14 molten gargoyles
  134 hellions
  A pale draconian zombie (Crypt:3)
  11 spectral swamp worms (Tar:7)
  19 komodo dragons
  A yaktaur zombie (Zig:2)
  10 silent spectres
  84 yaktaurs
  2 catoblepas zombies
  3 titan simulacra
  10 dire elephant skeletons
  112 tormentors
  99 demonic crawlers
  58 fire drakes
  8 centaur skeletons
  3 iron troll zombies (Dis:2)
  3 emperor scorpion zombies
  6 komodo dragons (shapeshifter)
  54 spiny frogs
  63 hellwings
  33 elf skeletons
  5 yaktaurs (shapeshifter)
  50 deep elf priests
  3 fire drakes (shapeshifter)
  78 efreet
  2 catoblepas skeletons
  6 tengu conjurers
  A minotaur zombie (Crypt:1)
  126 guardian mummies
  A purple draconian skeleton (Crypt:3)
  A sea snake skeleton (Crypt:3)
  A polar bear (shapeshifter) (Zig:24)
  112 ancient zymes
  2 wind drakes (shapeshifter)
  80 blue devils
  102 red devils
  4 harpy zombies
  22 trolls
  42 merfolk
  4 merfolk (shapeshifter)
  A jumping spider (shapeshifter) (Zig:12)
  A queen bee (shapeshifter) (Zig:9)
  A raiju (shapeshifter) (Zig:21)
  5 trolls (shapeshifter)
  98 freezing wraiths
  19 hydra zombies
  2 iron troll skeletons (Dis:2)
  7 giant leeches
  A tengu simulacrum (Zig:25)
  A giant leech (shapeshifter) (Zig:20)
  A blink frog (shapeshifter) (Zig:20)
  Grinder (D:4)
  Prince Ribbit (D:9)
  3 harpy skeletons
  2 snapping turtles (shapeshifter)
  9 hydra skeletons
  37 jumping spiders
  A minotaur skeleton (Crypt:1)
  5 polar bears
  A trapdoor spider zombie (D:10)
  24 two-headed ogres
  9 alligator zombies
  13 snapping turtles
  15 bog bodies
  A shadow dragon simulacrum (Zig:24)
  10 ettin zombies
  3 slime creatures (shapeshifter)
  105 ynoxinuls
  3 iron dragon simulacra
  3 fire giant simulacra
  53 ushabtiu
  5 wind drakes
  203 slime creatures
  3 boulder beetles (shapeshifter)
  59 trapdoor spiders
  52 blink frogs
  8 fire dragon zombies
  5 ice dragon zombies
  3 two-headed ogres (shapeshifter)
  223 raiju
  A centaur simulacrum (D:14)
  32 vampires
  35 boulder beetles
  38 redbacks
  86 wraiths
  4 air elementals
  69 shadows
  3 ice dragon skeletons
  A shock serpent simulacrum (Tomb:2)
  4 fire dragon skeletons
  191 flying skulls
  2 alligator skeletons
  5 tarantellas (shapeshifter)
  38 water elementals
  2 black mamba zombies
  7 redbacks (shapeshifter)
  51 yaks
  A golden eye (shapeshifter) (Zig:15)
  A shapeshifter (Zig:19)
  2 humans (shapeshifter)
  108 deep elf magi
  2 ettin skeletons
  32 tarantellas
  3 wyverns
  38 elf zombies
  A hog (shapeshifter) (Zig:9)
  A trapdoor spider (shapeshifter) (Zig:21)
  2 fire bats (shapeshifter)
  A yak (shapeshifter) (Zig:20)
  A basilisk (shapeshifter) (Zig:20)
  46 golden eyes
  6 spriggans (shapeshifter)
  11 spriggans
  4 black mamba skeletons
  7 basilisks
  Grum (D:8)
  105 deep elf fighters
  22 fire bats
  2 steam dragons (Zig:5)
  25 hungry ghosts
  A giant leech zombie (Crypt:1)
  A catoblepas simulacrum (Abyss:5)
  174 chaos spawn
  19 wolves
  2 emperor scorpion simulacra
  34 vampire mosquitoes
  3 hippogriffs (shapeshifter)
  A soldier ant (D:13)
  29 insubstantial wisps
  A soldier ant (shapeshifter) (Depths:2)
  5 mottled dragons
  95 nagas
  A swamp worm (shapeshifter) (Zig:21)
  188 neqoxecs
  67 fire elementals
  35 spatial vortices
  20 swamp worms
  A minotaur simulacrum (Coc:7)
  A gelid demonspawn zombie (Crypt:1)
  28 wargs
  25 hippogriffs
  2 hydra simulacra
  A wolf (shapeshifter) (Zig:26)
  9 porcupines
  3 ettin simulacra
  27 wasps
  2 water moccasins (shapeshifter)
  30 spiders
  20 swamp drakes
  2 merfolk skeletons
  130 orc warriors
  4 spiny frog zombies
  52 water moccasins
  4 human skeletons
  A spiny frog skeleton (Coc:7)
  A black bear (D:8)
  13 ice beasts
  3 snapping turtle zombies
  50 eyes of draining
  2 eyes of draining (shapeshifter)
  A ghost crab zombie (Crypt:2)
  168 hell hounds
  5 phantoms
  A black bear (shapeshifter) (Elf:1)
  An ice dragon simulacrum (Abyss:4)
  35 centaurs
  A fire dragon simulacrum (Abyss:5)
  A boggart (shapeshifter) (Zig:19)
  2 slaves (D:6)
  3 manticore zombies
  76 ogres
  4 swamp dragon skeletons
  4 manticore skeletons
  A swamp dragon zombie (Hell)
  A crocodile (shapeshifter) (Vaults:3)
  An anubis guard skeleton (Crypt:1)
  32 crocodiles
  3 snapping turtle skeletons
  6 sky beasts
  8 boggarts
  78 necrophages
  7 big kobolds
  10 brain worms
  A fire drake skeleton (Crypt:3)
  A giant frog (shapeshifter) (Zig:9)
  15 earth elementals
  23 giant frogs
  4 scorpions
  2 spiny frog simulacra
  A water moccasin zombie (Crypt:3)
  11 killer bees
  A killer bee (shapeshifter) (Zig:24)
  A troll zombie (Dis:1)
  A warg skeleton (Crypt:3)
  105 wights
  4 lava snakes
  A raiju skeleton (Crypt:2)
  A troll skeleton (Abyss:4)
  17 crimson imps
  454 starcursed masses
  5 human zombies
  63 iron imps
  An elf simulacrum (Crypt:3)
  4 hounds
  A soldier ant zombie (Crypt:2)
  7 giant frog skeletons
  31 orc priests
  A demonspawn skeleton (Crypt:3)
  172 jellies
  10 iguanas
  47 orc wizards
  21 quasits
  Natasha (thrice) (D:2)
  5 worker ants
  A lightning spire (Zig:27)
  2 killer bee zombies
  A felid zombie (Crypt:2)
  19 sheep
  A dwarf zombie (Crypt:3)
  A naga skeleton (Crypt:2)
  A hound zombie (D:5)
  231 mummies
  3 hound skeletons
  2 worker ant zombies
  12 gnolls
  10 adders
  59 river rats
  51 shadow imps
  56 white imps
  2 giant eyeballs (Depths:2)
  13 ufetubi
  3 adder skeletons
  An adder zombie (D:6)
  A halfling skeleton (Crypt:2)
  A worm (shapeshifter) (Zig:27)
  2 worms
  7 giant geckos
  515 orcs
  6 bats
  6 giant cockroaches
  5 hobgoblins
  9 jackals
  12 kobolds
  5 quokkas
  3 ball pythons
  A giant cockroach zombie (D:6)
  6 giant newts
  4 goblins
  A kobold skeleton (Coc:7)
  An orc skeleton (Geh:4)
  An orc zombie (Crypt:3)
  2 quokka skeletons (D:5)
  2 rats (D:1)
  5 blocks of ice (Pan)
  3 briar patches (Zig:8)
  69 crawling corpses
  An eldritch tentacle segment (Zig:27)
  184 fire vortices
  6 fulminant prisms
  11 fungi
  12 lurking horrors
  10 plants
  112 starspawn tentacles
  2 starspawn tentacle segments
  5 tentacles
18880 creatures vanquished.

Vanquished Creatures (collateral kills)
  Ereshkigal (Tar:7)
  Tiamat (Zot:2)
  5 Killer Klowns
  A caustic shrike (Zig:10)
  2 pandemonium lords
  2 bone dragons
  2 liches
  3 Brimstone Fiends (Pan)
  2 hellephants
  A Hell Sentinel (Zig:10)
  An Ice Fiend (Pan)
  A deep elf master archer (Zig:23)
  8 tentacled starspawn
  An ancient champion (Zig:3)
  A kraken (Abyss:4)
  2 acid blobs
  An Executioner (Pan)
  An octopode crusher (Zig:15)
  2 azure jellies
  A revenant (Zig:14)
  A greater naga (Zig:26)
  3 orc warlords (Zig:21)
  A ghost moth (Zig:26)
  2 balrugs
  An emperor scorpion (Zig:24)
  3 cacodemons (Pan)
  A vault warden (Zig:5)
  A warmonger (Pan)
  2 angels
  3 very ugly things
  2 reapers
  3 stone giants
  A juggernaut skeleton (Zig:17)
  4 corrupters (Pan)
  2 chaos champions (Pan)
  A vampire knight (Zig:14)
  2 dire elephants (Zig:26)
  2 lorocyprocas
  3 deep elf annihilators
  A yellow draconian (Abyss:3)
  A black sun (Pan)
  A white draconian (Zot:2)
  2 yaktaur captains
  4 eidola
  4 green deaths
  5 blizzard demons
  5 merfolk javelineers
  33 starcursed masses
  A death ooze (Zig:7)
  A great orb of eyes (Abyss:4)
  5 hydras
  An entropy weaver (shapeshifter) (Zig:12)
  2 rakshasas
  A catoblepas (Zig:26)
  A death knight (Zig:25)
  2 merfolk aquamancers
  An alligator snapping turtle (Zig:15)
  A satyr (Zig:6)
  A death yak (Zig:6)
  2 titan zombies
  7 orc high priests
  2 deep elf knights
  2 naga sharpshooters
  A vampire mage (Zig:18)
  3 sun demons (Pan)
  6 soul eaters (Pan)
  A hell hog (Abyss:3)
  8 thrashing horrors
  A shadow wraith (Zig:14)
  A titan skeleton (Zig:11)
  3 wretched stars
  A skeletal warrior (Zig:22)
  An unseen horror (Abyss:4)
  15 large abominations
  4 spatial maelstroms
  A flayed ghost (Zig:18)
  A swamp dragon (Zig:26)
  2 storm dragon skeletons
  A gelid demonspawn (Pan)
  4 giant orange brains
  7 shadow demons (Pan)
  4 ice devils
  6 harpies
  10 orb spiders (Zig:24)
  A mana viper (Abyss:3)
  3 putrid demonspawn (Pan)
  2 torturous demonspawn (Pan)
  A sphinx zombie (Zig:17)
  2 shining eyes
  A wolf spider (Zig:24)
  4 ugly things
  A deep elf conjurer (Zig:7)
  3 orc sorcerers
  2 cyclopes
  4 moths of wrath
  11 slime creatures
  11 sixfirhies
  2 orc knights
  A fire giant zombie (Abyss:3)
  A worldbinder (Abyss:3)
  12 orange demons
  3 apocalypse crabs
  A black mamba (Snake:2)
  A shock serpent skeleton (Abyss:5)
  27 smoke demons
  A spiny frog (shapeshifter) (Abyss:3)
  A spiny frog (Zig:6)
  An efreet (Abyss:3)
  4 hellions
  A komodo dragon (Zig:6)
  3 demonic crawlers (Pan)
  10 hellwings
  6 ancient zymes
  5 tormentors
  14 red devils
  6 merfolk (Zig:15)
  A snapping turtle (Zig:15)
  A yaktaur (Zig:6)
  3 blue devils (Pan)
  36 raiju
  A hydra skeleton (Abyss:3)
  A two-headed ogre (Zig:21)
  4 blink frogs
  4 flying skulls
  A yak (Zig:26)
  7 ynoxinuls
  A yak (shapeshifter) (Abyss:4)
  A deep elf mage (Zig:7)
  An elf zombie (Zig:17)
  A hippogriff (Zig:26)
  2 shadows
  A deep elf fighter (Zig:7)
  A fire bat (Abyss:4)
  12 chaos spawn
  13 neqoxecs
  A golden eye (Zig:25)
  A warg (Zig:21)
  4 spatial vortices
  A human zombie (Zig:11)
  A water moccasin (Zig:26)
  2 hell hounds
  2 eyes of draining
  A spider (shapeshifter) (Abyss:5)
  2 ogres (Zig:16)
  8 orc warriors
  4 centaurs
  6 crocodiles
  27 small abominations
  4 big kobolds (Abyss:3)
  3 jellies
  2 wights
  4 quasits
  2 orc priests
  An iron imp (Abyss:3)
  An orc wizard (Zig:13)
  A sheep (Zig:26)
  A river rat (Zig:26)
  3 white imps
  2 ufetubi
  60 orcs
  A kobold (Abyss:3)
  A crawling corpse (Zig:7)
  A lurking horror (Abyss:4)
  14 starspawn tentacles
  A tentacle (Abyss:4)
644 creatures vanquished.

Vanquished Creatures (others)
  A seraph (Depths:2)
  12 ancient liches
  24 orbs of fire
  Frederick (Tomb:2)
  3 Killer Klowns
  16 pandemonium lords
  A golden dragon (Zig:24)
  A bone dragon (Zig:27)
  4 liches
  A tentacled monstrosity (Vaults:5)
  An Ice Fiend (Zig:20)
  2 deep elf blademasters
  An Executioner (Zig:19)
  A deep elf master archer (Zig:23)
  A quicksilver dragon (shapeshifter) (Zig:27)
  2 Shadow Fiends
  6 titans
  6 eldritch tentacles
  A sphinx (Zig:26)
  A tengu reaver (Zig:16)
  A shadow dragon (shapeshifter) (Zig:27)
  2 ancient champions
  9 draconian monks
  2 storm dragons
  3 greater nagas
  9 fire giants
  A frost giant (shapeshifter) (Zig:27)
  10 draconian knights
  3 vault wardens
  13 draconian scorchers
  2 ghost moths (Zig:14)
  A deep elf sorcerer (Elf:3)
  A frost giant (Zig:24)
  2 cacodemons (Zig:19)
  2 caustic shrike zombies
  4 juggernaut zombies
  An orc warlord (Zig:25)
  6 draconian zealots
  A warmonger (Zig:17)
  3 draconian shifters (Zig:22)
  2 very ugly things
  2 draconian annihilators (Zig:22)
  A war gargoyle (Zig:24)
  3 ironheart preservers (Zig:24)
  An elemental wellspring (Coc:7)
  5 draconian callers
  A vampire knight (Zig:27)
  A stone giant (shapeshifter) (Zig:27)
  5 green draconians
  8 stone giants
  A juggernaut skeleton (Zig:22)
  A corrupter (Zig:17)
  A purple draconian (Zig:22)
  9 salamander stormcallers
  A yellow draconian (Zot:2)
  A lorocyproca (Pan)
  A red draconian (Zig:22)
  A white draconian (Zig:22)
  2 blood saints
  2 bennus
  A blizzard demon (Zig:20)
  2 chaos champions
  3 black suns
  An eidolon (Zig:27)
  An ettin (Zig:24)
  2 quicksilver dragon zombies
  9 fire dragons
  5 deep elf death magi
  2 deep elf high priests
  3 vault guards (Vaults:5)
  3 yaktaur captains (Vaults:5)
  A rakshasa (Abyss:4)
  3 hydras
  A naga warrior (Abyss:5)
  A spriggan air mage (Zig:27)
  A hell beast (Pan)
  An ice dragon (shapeshifter) (Zig:24)
  3 ogre magi
  A monstrous demonspawn (Zig:17)
  A catoblepas (shapeshifter) (Zig:20)
  6 merfolk aquamancers
  2 alligators
  2 vampire magi
  A naga sharpshooter (Zig:23)
  A titan zombie (Zig:12)
  A sun demon (Pan)
  An orc high priest (Zig:16)
  A hell knight (Hell)
  A thrashing horror (Abyss:2)
  2 titan skeletons
  5 deep elf knights
  3 storm dragon zombies
  A wretched star (Abyss:5)
  A soul eater (Zig:18)
  An ice devil (Pan)
  2 golden dragon zombies
  2 spriggan druids (Zig:8)
  10 ball lightnings (Pan)
  2 storm dragon skeletons (Zig:22)
  A spatial maelstrom (Zig:9)
  An infernal demonspawn (Pan)
  2 shambling mangroves (Zig:8)
  2 deep elf summoners
  A naga ritualist (Zig:14)
  A deep troll (Vaults:5)
  A gelid demonspawn (Pan)
  A tengu zombie (Zig:12)
  A golden dragon skeleton (Zig:11)
  A giant orange brain (Pan)
  A shadow dragon zombie (Zig:21)
  2 ironbrand convokers
  2 orc knights (Vaults:5)
  2 shadow demons
  4 swamp dragons
  A deep elf conjurer (Zig:15)
  A mana viper (Abyss:5)
  2 necromancers
  3 harpies (Zig:13)
  2 orc sorcerers (Vaults:5)
  4 sphinx zombies
  An iron dragon zombie (Zig:22)
  A wolf spider (Zig:18)
  An anubis guard (Zig:25)
  A shadow dragon skeleton (Zig:11)
  A frost giant zombie (Dis:2)
  A tengu skeleton (Zig:12)
  A cyclops (Zig:23)
  An ugly thing (Zig:27)
  A water nymph (Zig:13)
  2 spriggan zombies
  2 naga magi
  A sixfirhy (Pan)
  A hornet (Zig:17)
  2 apocalypse crabs
  An octopode (shapeshifter) (Zig:27)
  A smoke demon (Pan)
  2 vault sentinels
  5 spiny frogs
  A torpor snail (Zig:10)
  2 guardian serpents
  2 black mambas
  5 yaktaurs
  A dire elephant skeleton (Geh:7)
  A red devil (Pan)
  12 fire drakes
  6 tormentors
  6 efreet
  4 demonic crawlers
  A tengu conjurer (Zig:27)
  A troll (Vaults:5)
  2 ancient zymes (Abyss:5)
  2 freezing wraiths
  A jumping spider (Zig:24)
  2 boulder beetles
  5 blink frogs
  2 raiju
  A slime creature (Vaults:3)
  An ushabti (Zig:15)
  8 deep elf magi
  9 flying skulls
  A redback (Zig:14)
  A tarantella (Zig:24)
  An ettin skeleton (Zig:4)
  An elf zombie (Zig:12)
  2 ynoxinuls
  A fire dragon skeleton (Geh:7)
  4 golden eyes
  A water elemental (Zig:13)
  10 deep elf fighters
  A hippogriff (Zig:26)
  2 chaos spawn
  A mottled dragon (Swamp:4)
  A golden eye (shapeshifter) (Abyss:4)
  A wraith (Dis:7)
  13 large abominations
  A vampire mosquito (Vaults:3)
  6 neqoxecs
  5 fire elementals
  6 hell hounds
  2 wasps
  A water moccasin (Zig:10)
  2 nagas (Zig:20)
  A necrophage (Geh:6)
  A boggart (Depths:3)
  An elf simulacrum (Zig:24)
  2 orc warriors (Vaults:5)
  A spider (shapeshifter) (Abyss:5)
  An ogre (Depths:3)
  2 swamp drakes (Swamp:4)
  A crocodile (Zig:26)
  3 centaurs (Zig:23)
  2 brain worms (Abyss:3)
  A jelly (Abyss:4)
  A swamp dragon simulacrum (Abyss:5)
  3 wights
  A starcursed mass (Abyss:3)
  An orc priest (D:6)
  An iron imp (Dis:7)
  9 small abominations
  A sheep (Zig:26)
  A mummy (Zig:25)
  An adder (D:6)
  3 river rats
  A shadow imp (Zig:18)
  An ufetubus (Abyss:4)
  3 orcs
  A block of ice (Pan)
  15 briar patches
  A crawling corpse (Zig:15)
  684 eldritch tentacle segments
  11 fire vortices
  12 fulminant prisms
  29 fungi
  2 lost souls
  13 lurking horrors
  14 plants
  187 starspawn tentacles
  2124 starspawn tentacle segments
  23 tentacles
  424 tentacle segments
4085 creatures vanquished.

Grand Total: 23609 creatures vanquished

Notes
Turn   | Place    | Note
--------------------------------------------------------------
     0 | D:1      | Lorraine the Deep Dwarf Fighter began the quest for the Orb.
     0 | D:1      | Reached XP level 1. HP: 20/20 MP: 1/1
   158 | D:1      | Reached XP level 2. HP: 27/27 MP: 2/2
   846 | D:2      | Noticed Natasha
   855 | D:2      | Killed Natasha
   855 | D:2      | Reached XP level 3. HP: 21/34 MP: 3/3
   908 | D:2      | Noticed Natasha
   920 | D:2      | Reached skill level 1 in Dodging
   999 | D:2      | Reached skill level 4 in Armour
   999 | D:2      | Reached XP level 4. HP: 17/42 MP: 4/4
  1040 | D:2      | Found a stormy altar of Qazlal.
  1139 | D:2      | Found a radiant altar of Vehumet.
  1209 | D:2      | Noticed a giant frog
  1215 | D:2      | Killed a giant frog
  1215 | D:2      | Reached XP level 5. HP: 39/49 MP: 5/5
  1497 | D:2      | Killed Natasha
  1625 | D:2      | Noticed Natasha
  1632 | D:2      | Killed Natasha
  1884 | D:3      | Found a shattered altar of Ashenzari.
  2364 | D:4      | Found a staircase to the Ecumenical Temple.
  2370 | D:4      | Found an iron altar of Okawaru.
  2376 | Temple   | Entered the Ecumenical Temple
  2518 | D:4      | Reached XP level 6. HP: 52/56 MP: 6/6
  2818 | D:4      | Noticed Grinder
  2842 | D:4      | Paralysed by Grinder for 2 turns
  2844 | D:4      | Killed Grinder
  2936 | D:4      | Reached XP level 7. HP: 57/64 MP: 7/7
  3338 | D:5      | Entered Level 5 of the Dungeon
  3428 | D:5      | Reached skill level 5 in Shields
  3565 | D:5      | Reached skill level 5 in Armour
  3610 | D:5      | Found a deep blue altar of Sif Muna.
  3648 | D:5      | Found a blossoming altar of Fedhas.
  3751 | D:5      | Found a shadowy altar of Dithmenos.
  4052 | D:5      | Found a burning altar of Makhleb.
  4058 | D:5      | Became a worshipper of Makhleb the Destroyer
  4062 | D:5      | Reached skill level 5 in Axes
  4139 | D:5      | Found a sparkling altar of Nemelex Xobeh.
  4159 | D:5      | Reached XP level 8. HP: 39/73 MP: 8/8
  4440 | D:6      | Reached skill level 6 in Shields
  4451 | D:6      | Noticed Pikel
  4638 | D:6      | Reached skill level 5 in Fighting
  4659 | D:6      | Reached skill level 5 in Dodging
  4714 | D:6      | Reached * piety under Makhleb
  4755 | D:6      | Found a glowing silver altar of Zin.
  4755 | D:6      | Noticed an angel
  4810 | D:6      | Killed Pikel
  4810 | D:6      | Gained mutation: You passively map the area around you. [Deep Dwarf growth]
  4810 | D:6      | Reached XP level 9. HP: 34/81 MP: 9/9
  4909 | D:6      | Found Dukem's Assorted Antiques.
  4917 | D:6      | Bought 2 potions of curing for 150 gold pieces
  4917 | D:6      | Bought a potion of curing for 75 gold pieces
  4917 | D:6      | Bought a scroll labeled ILLEUTE NOGYP for 25 gold pieces
  4917 | D:6      | Bought a scroll labeled OLLUIMP VAUNUELADD for 25 gold pieces
  5468 | D:7      | Found a sacrificial altar of Ru.
  5521 | D:7      | Found a white marble altar of Elyvilon.
  5583 | D:7      | Reached skill level 7 in Shields
  5824 | D:7      | Reached ** piety under Makhleb
  6020 | D:6      | Bought a runed flail for 87 gold pieces
  6541 | D:8      | Found Zugu's Antique Armour Boutique.
  6546 | D:8      | Bought a pair of embroidered boots for 121 gold pieces
  6840 | D:8      | Noticed Psyche
  6843 | D:8      | Killed Psyche
  6843 | D:8      | Reached XP level 10. HP: 38/92 MP: 10/10
  7126 | D:9      | Noticed Prince Ribbit
  7137 | D:9      | Killed Prince Ribbit
  7137 | D:9      | Reached skill level 8 in Shields
  7148 | D:9      | Found Todghaeny's Antique Weapon Emporium.
  7356 | D:9      | Found a snail-covered altar of Cheibriados.
  7357 | D:9      | Noticed Grum
  7376 | D:8      | Killed Grum
  7419 | D:9      | Reached *** piety under Makhleb
  7774 | D:9      | Found a deep blue altar of Sif Muna.
  8038 | D:10     | Entered Level 10 of the Dungeon
  8234 | D:10     | Noticed an oklob plant
  8248 | D:10     | Killed an oklob plant
  8253 | D:10     | Found a staircase to the Lair.
  8461 | D:10     | Noticed a hill giant
  8466 | D:10     | Noticed an alligator
  8466 | D:10     | a hill giant changed into an alligator
  8473 | D:10     | Killed an alligator
  8473 | D:10     | Reached skill level 9 in Armour
  8567 | D:10     | Reached XP level 11. HP: 89/100 MP: 9/9
  8717 | D:10     | Reached **** piety under Makhleb
  9028 | D:11     | Noticed a hill giant
  9037 | D:11     | Killed a hill giant
  9168 | D:11     | Reached ***** piety under Makhleb
  9221 | D:11     | Got a sheer robe
  9232 | D:11     | Identified the +0 robe of the Evening Star {rPois Dex+4} (You found it on level 11 of the Dungeon)
  9906 | D:6      | Bought a warped short sword for 200 gold pieces
  9906 | D:6      | Identified the cursed +1 short sword of Purpose {pain, *Confuse +Blink MP+9 SInv} (You bought it in a shop on level 6 of the Dungeon)
 10070 | D:12     | Noticed a hill giant
 10147 | D:12     | Noticed a hill giant
 10149 | D:12     | Reached skill level 10 in Armour
 10181 | D:12     | Killed a hill giant
 10181 | D:12     | Reached skill level 10 in Shields
 10230 | D:12     | Gained mutation: Your flesh is cold resistant. [mutagenic meat]
 10231 | D:12     | Gained mutation: Your mind is acute. (Int +2) [mutagenic meat]
 10232 | D:12     | Gained mutation: You are clumsy. (Dex -2) [mutagenic meat]
 10233 | D:12     | Gained mutation: You tend to lose your temper in combat. [mutagenic meat]
 10249 | D:12     | Found a labyrinth entrance.
 10266 | Lab      | Entered a labyrinth
 10358 | Lab      | Noticed a minotaur
 10375 | Lab      | Killed a minotaur
 10375 | Lab      | Reached skill level 10 in Axes
 10375 | Lab      | Reached XP level 12. HP: 72/112 MP: 10/10
 10405 | Lab      | Identified Fegitu's Papyrus of Harmful Weightlessness
 10496 | D:12     | Found a staircase to the Orcish Mines.
 10508 | Orc:1    | Entered Level 1 of the Orcish Mines
 10591 | Orc:1    | Lost mutation: Your flesh is cold resistant. [potion of cure mutation]
 10591 | Orc:1    | Lost mutation: You tend to lose your temper in combat. [potion of cure mutation]
 10591 | Orc:1    | Lost mutation: You are clumsy. (Dex -2) [potion of cure mutation]
 11290 | Orc:3    | Found a staircase to the Elven Halls.
 11388 | Orc:3    | Found Iqarchom's Food Shop.
 11611 | Orc:3    | Reached skill level 10 in Dodging
 12092 | Orc:1    | Found a roughly hewn altar of Beogh.
 12343 | Orc:4    | Entered Level 4 of the Orcish Mines
 12365 | Orc:4    | Noticed Josephine
 12371 | Orc:4    | Reached ****** piety under Makhleb
 12382 | Orc:4    | Killed Josephine
 12517 | Orc:4    | Noticed a centaur warrior
 12530 | Orc:4    | Killed a centaur warrior
 12574 | Orc:4    | Reached skill level 11 in Armour
 12661 | Orc:4    | Found Yptupno's Armour Emporium.
 12661 | Orc:4    | Found Paguceusai's Book Shop.
 12663 | Orc:4    | Found Qusin's Antique Weapon Boutique.
 12668 | Orc:4    | Found Veyveunaa's Jewellery Shoppe.
 12747 | Orc:4    | Bought a +2 helmet of see invisible for 279 gold pieces
 12762 | Orc:4    | Bought the +1 pair of gloves "Dajaedd" {rElec Regen+ Int-5 Dex+3} for 250 gold pieces
 13419 | Lair:1   | Entered Level 1 of the Lair of Beasts
 13582 | Lair:1   | Noticed Erica
 13593 | Lair:1   | Killed Erica
 13784 | Lair:1   | Reached XP level 13. HP: 120/122 MP: 10/10
 13802 | Lair:1   | Noticed Sonja
 13894 | Lair:1   | Killed Sonja
 14804 | Lair:2   | Gained mutation: You possess an exceptional clarity of mind. [potion of beneficial mutation]
 15301 | Lair:3   | Reached skill level 10 in Fighting
 15356 | Lair:3   | Noticed Fannar
 15418 | Lair:3   | Killed Fannar
 15499 | Lair:3   | Found a dark tunnel.
 15507 | Volcano  | Entered a volcano
 16261 | Lair:4   | Found a staircase to the Swamp.
 16329 | Lair:4   | Reached skill level 12 in Axes
 17307 | Lair:5   | Gained mutation: You resist negative energy. [Deep Dwarf growth]
 17307 | Lair:5   | Reached XP level 14. HP: 133/133 MP: 11/11
 18182 | Lair:6   | Found a staircase to the Snake Pit.
 18215 | Lair:6   | Noticed Nessos
 18259 | Lair:6   | Killed Nessos
 18953 | Lair:7   | Noticed Snorg
 18972 | Lair:7   | Killed Snorg
 19082 | Lair:7   | Found an opulent altar of Gozag.
 19348 | Lair:7   | Identified the Collected Works on Hurtful Feathers
 19364 | Lair:7   | Found a staircase to the Slime Pits.
 19365 | Lair:7   | Found a viscous altar of Jiyva.
 19808 | Slime:1  | Entered Level 1 of the Pits of Slime
 19866 | Lair:8   | Entered Level 8 of the Lair of Beasts
 19937 | Lair:8   | Reached skill level 13 in Axes
 20154 | Lair:8   | Found a burning altar of Makhleb.
 20853 | Lair:8   | Found a gateway to Hell.
 21343 | D:12     | Reached XP level 15. HP: 134/142 MP: 12/12
 21426 | D:12     | Killed a hill giant
 21600 | D:12     | Noticed a hill giant
 21600 | D:12     | Noticed an unseen horror
 21612 | D:12     | Killed a hill giant
 21618 | D:12     | Killed an unseen horror
 22024 | D:13     | Gained mutation: You are partially covered in iridescent scales (AC +4). [mutagenic meat]
 22025 | D:13     | Gained mutation: You are partially covered in molten scales (AC +1). [mutagenic meat]
 22534 | D:13     | Gained mutation: You have an increased reservoir of magic (+10% MP). [potion of mutation]
 22534 | D:13     | Gained mutation: Scrolls take you a little longer to read. [potion of mutation]
 22534 | D:13     | Gained mutation: You are resistant to electric shocks. [potion of mutation]
 22537 | D:13     | Got a crude trident
 22538 | D:13     | Identified the cursed +0 trident "Cuhibb" {pierce, SInv} (You found it on level 13 of the Dungeon)
 22846 | D:14     | Lost mutation: You are partially covered in iridescent scales (AC +4). [mutagenic meat]
 22847 | D:14     | Gained mutation: You are agile. (Dex +2) [mutagenic meat]
 22850 | D:14     | Gained mutation: You occasionally shout uncontrollably at your foes. [mutagenic meat]
 22852 | D:14     | Gained mutation: Your body sometimes deteriorates upon taking damage. [mutagenic meat]
 22855 | D:14     | Gained mutation: You are very agile. (Dex +4) [mutagenic meat]
 22856 | D:14     | Lost mutation: Your body sometimes deteriorates upon taking damage. [mutagenic meat]
 22995 | D:14     | Found a gate to the Vaults.
 23070 | D:14     | Gained mutation: You have a pair of small antennae on your head. [mutagenic meat]
 23071 | D:14     | Lost mutation: You possess an exceptional clarity of mind. [mutagenic meat]
 23072 | D:14     | Gained mutation: Your mind is very acute. (Int +4) [mutagenic meat]
 23073 | D:14     | Lost mutation: You occasionally shout uncontrollably at your foes. [mutagenic meat]
 23074 | D:14     | Gained mutation: Your spells are a little harder to cast, but a little more powerful. [mutagenic meat]
 23075 | D:14     | Gained mutation: You have a pair of antennae on your head. [mutagenic meat]
 23123 | D:14     | Reached skill level 14 in Axes
 23315 | D:14     | Noticed ThereIsNoGod's ghost (journeyman DDFi)
 23352 | D:14     | Killed ThereIsNoGod's ghost
 23543 | D:14     | Gained mutation: You are partially covered in slimy green scales (AC +2). [mutagenic meat]
 23690 | D:14     | Found a deep blue altar of Sif Muna.
 23701 | D:14     | Lost mutation: Scrolls take you a little longer to read. [mutagenic meat]
 23702 | D:14     | Lost mutation: You are partially covered in slimy green scales (AC +2). [mutagenic meat]
 23703 | D:14     | Lost mutation: You have an increased reservoir of magic (+10% MP). [mutagenic meat]
 23704 | D:14     | Gained mutation: You can spit weak poison. [mutagenic meat]
 23829 | D:15     | Entered Level 15 of the Dungeon
 24154 | D:15     | Found a staircase to the Depths.
 24300 | D:15     | Found a shattered altar of Ashenzari.
 24324 | D:15     | Reached XP level 16. HP: 152/152 MP: 13/13
 24364 | D:15     | Noticed Louise
 24388 | D:15     | Killed Louise
 25242 | Snake:1  | Entered Level 1 of the Snake Pit
 25343 | Snake:1  | Noticed Aizul
 25371 | Snake:1  | Killed Aizul
 25389 | Snake:1  | Got a polished great sword
 25390 | Snake:1  | Identified the cursed +0 great sword "Gomifaac" {slice, Dex+2} (You found it on level 1 of the Snake Pit)
 26103 | Snake:2  | Noticed Wiglaf
 26154 | Snake:2  | Killed Wiglaf
 26219 | Snake:2  | Found Usifrahu's Weapon Emporium.
 26670 | Orc:4    | Bought a +2 plate armour of poison resistance for 481 gold pieces
 27077 | Snake:2  | Reached skill level 1 in Invocations
 27362 | Snake:2  | Found a runed gate.
 27362 | Snake:2  | Found a runed gate.
 27368 | Snake:2  | Found a runed gate.
 27480 | Snake:2  | Reached skill level 5 in Invocations
 27687 | Snake:3  | Reached XP level 17. HP: 150/162 MP: 20/20
 27810 | Snake:3  | Noticed Vashnia
 27863 | Snake:3  | Killed Vashnia
 27863 | Snake:3  | Reached skill level 10 in Invocations
 27962 | Snake:3  | Noticed Saint Roka
 28021 | Snake:3  | Killed Saint Roka
 28351 | Snake:3  | Noticed Nikola
 28372 | Snake:3  | Killed Nikola
 28989 | Snake:4  | Entered Level 4 of the Snake Pit
 29468 | Snake:4  | Reached skill level 1 in Evocations
 29555 | Snake:4  | Noticed Mara
 29557 | Snake:4  | Noticed Lorraine's illusion
 29572 | Snake:4  | Reached skill level 15 in Armour
 29591 | Snake:4  | Reached skill level 15 in Axes
 29633 | Snake:4  | Reached skill level 15 in Shields
 29640 | Snake:4  | Noticed Lorraine's illusion
 29925 | Snake:4  | Gained mutation: You passively map a large area around you. [Deep Dwarf growth]
 29925 | Snake:4  | Reached XP level 18. HP: 95/171 MP: 26/26
 29977 | Snake:4  | Noticed Lorraine's illusion
 30085 | Snake:4  | Got a serpentine rune of Zot
 30429 | Swamp:1  | Entered Level 1 of the Swamp
 30470 | Swamp:1  | Reached skill level 5 in Evocations
 30940 | Swamp:1  | Identified Lehudib's Handbook of Earth (You found it on level 1 of the Swamp)
 31217 | Swamp:2  | Reached skill level 1 in Long Blades
 32139 | Swamp:3  | Reached skill level 5 in Long Blades
 32865 | Swamp:4  | Entered Level 4 of the Swamp
 33949 | Swamp:4  | Got a decaying rune of Zot
 34361 | Vaults:1 | Entered Level 1 of the Vaults
 34657 | Vaults:1 | Found a portal to a secret trove of treasure.
 34745 | Vaults:1 | Reached skill level 16 in Shields
 34831 | Vaults:1 | Reached XP level 19. HP: 178/178 MP: 27/27
 34903 | Vaults:1 | Found Lanerch's Book Emporium.
 34995 | Vaults:1 | Found a deep blue altar of Sif Muna.
 36359 | Vaults:1 | Reached skill level 15 in Dodging
 36427 | Vaults:1 | You paid a toll of 5 scrolls of blinking to enter a treasure trove
 36428 | Trove    | Entered a treasure trove
 37055 | Vaults:2 | Found a staircase to the Crypt.
 37364 | Vaults:2 | Noticed Norris
 37388 | Vaults:2 | Paralysed by something for 5 turns
 37410 | Vaults:2 | Killed Norris
 38095 | Vaults:3 | Reached skill level 17 in Shields
 38891 | Vaults:3 | Reached XP level 20. HP: 190/190 MP: 28/28
 40234 | Vaults:4 | Reached skill level 10 in Evocations
 40756 | Vaults:5 | Entered Level 5 of the Vaults
 40823 | Vaults:5 | Reached skill level 18 in Shields
 40841 | Vaults:5 | Noticed an ancient lich
 40858 | Vaults:4 | Killed an ancient lich
 40858 | Vaults:4 | Reached XP level 21. HP: 191/200 MP: 29/29
 40964 | Vaults:5 | Reached skill level 15 in Fighting
 40966 | Vaults:5 | Noticed simples's ghost (adept MiBe)
 41048 | Vaults:5 | Killed simples's ghost
 41049 | Vaults:5 | Noticed an ancient lich
 41085 | Vaults:5 | Killed an ancient lich
 41133 | Vaults:5 | Got a smoking tin ring
 41133 | Vaults:5 | Got a smoking copper ring
 41135 | Vaults:5 | Got a fine golden ring
 41168 | Vaults:5 | Identified the ring of Noon {*Contam +Fly rF+ rC+} (You took it off a yaktaur captain on level 5 of the Vaults)
 41169 | Vaults:5 | Identified the ring of Equilibrium {rPois rC+} (You took it off a deep elf demonologist on level 5 of the Vaults)
 41178 | Vaults:5 | Identified the ring of Xoib {Fire rPois Str-2 Int+3} (You took it off a yaktaur captain on level 5 of the Vaults)
 41190 | Vaults:5 | Got a flickering ivory amulet
 41229 | Vaults:5 | Got a fine iron ring
 41231 | Vaults:5 | Identified the amulet of Gefemn {rMut Int+4} (You took it off a vault sentinel on level 5 of the Vaults)
 41235 | Vaults:5 | Identified the ring of Legout {*Contam rN+ Int+3 Dex+2 Stlth+} (You found it on level 5 of the Vaults)
 41266 | Vaults:5 | Got a pair of transparent gloves
 41277 | Vaults:5 | Identified the +2 pair of gloves of Ceashruw {*Contam MR- Str+2 Dex+12} (You found it on level 5 of the Vaults)
 41407 | Vaults:5 | Found Lupnar's Armour Shop.
 41962 | Vaults:5 | Got a silver rune of Zot
 42260 | Crypt:1  | Entered Level 1 of the Crypt
 42399 | Crypt:1  | Reached XP level 22. HP: 211/211 MP: 30/30
 42649 | Crypt:1  | Reached skill level 19 in Shields
 43833 | Crypt:3  | Entered Level 3 of the Crypt
 43839 | Crypt:3  | Found a staircase to the Tomb.
 43880 | Crypt:3  | Got a topaz-encrusted chain mail
 43884 | Crypt:3  | Identified the +0 chain mail of Aminnargh {rCorr} (You found it on level 3 of the Crypt)
 44525 | Crypt:3  | Noticed Mennas
 44678 | Crypt:3  | Killed Mennas
 44919 | Crypt:3  | Found a basalt altar of Yredelemnul.
 44969 | Crypt:3  | Found an ancient bone altar of Kikubaaqudgha.
 45001 | Crypt:3  | Reached skill level 15 in Evocations
 45672 | Elf:1    | Entered Level 1 of the Elven Halls
 45817 | Elf:1    | Reached XP level 23. HP: 220/220 MP: 31/31
 46362 | Elf:1    | Found Azoe's Armour Shop.
 46616 | Elf:2    | Found a runed gate.
 46616 | Elf:2    | Found a runed gate.
 46616 | Elf:2    | Found a runed gate.
 47005 | Elf:2    | Found Betuxal's Food Shop.
 47475 | Elf:3    | Entered Level 3 of the Elven Halls
 47857 | Elf:3    | Found Butt's Antique Weapon Shop.
 48000 | Elf:3    | Bought a brightly glowing long sword for 331 gold pieces
 48000 | Elf:3    | Identified the cursed +2 long sword "Zuyzihiale" {drain, rElec rC+ Stlth+} (You bought it in a shop on level 3 of the Elven Halls)
 48214 | Elf:3    | Reached skill level 20 in Shields
 48356 | Elf:3    | Got an ancient steel ring
 48403 | Elf:3    | Bought a crystal flail for 331 gold pieces
 48404 | Elf:3    | Identified the ring of Moodiness {SustAt Str+4} (You found it on level 3 of the Elven Halls)
 48408 | Elf:3    | Identified the +9 flail "Ystroreo" {crush, +Fly rN+ Int+2} (You bought it in a shop on level 3 of the Elven Halls)
 48443 | Elf:3    | Got a flickering granite ring
 48444 | Elf:3    | Identified the ring "Eleg" {MR+ Str+4 SInv Stlth+} (You took it off a deep elf fighter on level 3 of the Elven Halls)
 48554 | Elf:3    | Got a steaming scale mail
 48555 | Elf:3    | Identified the cursed +0 scale mail "Benuo" {+Inv Int+4 Stlth+} (You found it on level 3 of the Elven Halls)
 48565 | Elf:3    | Identified Taxek's Handbook of the Voyage
 49076 | Slime:1  | Noticed an azure jelly
 49087 | Slime:1  | Killed an azure jelly
 49208 | Slime:6  | Entered Level 6 of the Pits of Slime
 49208 | Slime:6  | Found a viscous altar of Jiyva.
 49208 | Slime:6  | Noticed the royal jelly
 49254 | Slime:6  | Killed the royal jelly
 49335 | Slime:6  | Got a warped quarterstaff
 49336 | Slime:6  | Identified the +9 quarterstaff of Destruction {freeze, rC++ rN+} (You found it on level 6 of the Pits of Slime)
 49470 | Slime:6  | Got a slimy rune of Zot
 49508 | Slime:6  | Learned a level 2 spell: Blink
 49511 | Slime:6  | Learned a level 2 spell: Repel Missiles
 49577 | Slime:6  | Gained mutation: You expend magic power (3 MP) to strengthen your wands. [a shining eye]
 50864 | Depths:1 | Entered Level 1 of the Depths
 50877 | Depths:1 | Reached XP level 24. HP: 231/231 MP: 33/33
 51455 | Depths:1 | Found a one-way gate to the infinite horrors of the Abyss.
 51670 | Depths:1 | Reached skill level 21 in Evocations
 52071 | Depths:2 | Reached skill level 22 in Evocations
 52168 | Depths:2 | Found an iron altar of Okawaru.
 52402 | Depths:2 | Got a clouded wooden ring
 52403 | Depths:2 | Identified the ring "Imecimn" {rPois rN+ Int-4 Dex+4} (You found it on level 2 of the Depths)
 52422 | Depths:2 | Paralysed by a giant eyeball for 4 turns
 52470 | Depths:2 | Found a gateway to a ziggurat.
 52568 | Depths:2 | Reached skill level 23 in Evocations
 52776 | Depths:2 | Got a shimmering golden ring
 52777 | Depths:2 | Identified the ring of Xuub {Ice rPois rN+ MR+ Str-2} (You found it on level 2 of the Depths)
 52900 | Depths:2 | Got a warped scale mail
 52911 | Depths:2 | Identified the +6 scale mail of Charity {Int+3} (You found it on level 2 of the Depths)
 53023 | Depths:2 | Reached skill level 24 in Evocations
 53061 | Depths:2 | Found a shadowy altar of Dithmenos.
 53133 | Depths:2 | Got a scintillating wooden ring
 53379 | Depths:3 | Found a one-way gate leading to the halls of Pandemonium.
 53454 | Depths:3 | Identified the ring of Seabb {Wiz +Blink rC+++ Dex-4} (You found it on level 2 of the Depths)
 53542 | Depths:3 | Reached skill level 25 in Evocations
 53790 | Depths:3 | Reached XP level 25. HP: 240/240 MP: 36/36
 54443 | Depths:4 | Reached skill level 26 in Evocations
 55471 | Depths:5 | Entered Level 5 of the Depths
 55496 | Depths:5 | Reached skill level 27 in Evocations
 55520 | Depths:5 | Found a gate to the Realm of Zot.
 56437 | Zot:1    | Entered Level 1 of the Realm of Zot
 56943 | Zot:1    | Noticed an orb of fire
 56972 | Zot:1    | Killed an orb of fire
 57095 | Zot:1    | Reached XP level 26. HP: 250/250 MP: 37/37
 58343 | Zot:2    | Noticed Tiamat
 58367 | Zot:2    | Killed Tiamat
 58430 | Zot:2    | Got a twitching bone ring
 58443 | Zot:2    | Identified the ring of the Prince of Darkness {Str+3 Dex+3 Stlth+} (You took it off Tiamat on level 2 of the Realm of Zot)
 58459 | Zot:2    | Got a ring of the Octopus King
 58460 | Zot:2    | Identified a ring of the Octopus King {SustAt AC+1 EV+1 Str+1 Int+1 Dex+1} (You found it on level 2 of the Realm of Zot)
 58615 | Zot:2    | Identified Sif Muna's Papyrus of Perfectionism
 58619 | Zot:2    | Identified Hog Ocko's Guide on Helpful Translocation
 58955 | Zot:2    | Got a brightly glowing rapier
 59992 | Zot:4    | Reached XP level 27. HP: 262/262 MP: 37/37
 61021 | Zot:5    | Entered Level 5 of the Realm of Zot
 61081 | Zot:5    | Noticed Heskey's ghost (legendary GrFi)
 61111 | Zot:5    | Killed Heskey's ghost
 61415 | Zot:5    | Noticed an ancient lich
 61435 | Zot:5    | Killed an ancient lich
 61501 | Zot:5    | Noticed an orb of fire
 61538 | Zot:5    | Killed an orb of fire
 61590 | Zot:5    | Noticed an orb of fire
 61591 | Zot:5    | Noticed an orb of fire
 61596 | Zot:5    | Noticed an orb of fire
 61609 | Zot:5    | Gained mutation: You tend to lose your temper in combat. [an orb of fire]
 61616 | Zot:5    | Noticed an orb of fire
 61639 | Zot:5    | Killed an orb of fire
 61664 | Zot:5    | Killed an orb of fire
 61668 | Zot:5    | Killed an orb of fire
 61682 | Zot:5    | Killed an orb of fire
 62726 | Elf:1    | Learned a level 8 spell: Controlled Blink
 62809 | Elf:3    | Bought a glowing executioner's axe for 390 gold pieces
 63837 | D:6      | Bought a scroll of magic mapping for 87 gold pieces
 63837 | D:6      | Bought a potion of curing for 75 gold pieces
 63837 | D:6      | Bought a potion of resistance for 250 gold pieces
 63837 | D:6      | Bought a phantom mirror for 750 gold pieces
 63837 | D:6      | Bought a scroll of enchant weapon for 187 gold pieces
 64144 | Zig:1    | Entered Level 1 of a ziggurat
 64162 | Zig:2    | Entered Level 2 of a ziggurat
 64190 | Zig:3    | Entered Level 3 of a ziggurat
 64234 | Zig:4    | Entered Level 4 of a ziggurat
 64291 | Zig:5    | Entered Level 5 of a ziggurat
 64353 | Zig:6    | Entered Level 6 of a ziggurat
 64459 | Zig:7    | Entered Level 7 of a ziggurat
 64525 | Zig:7    | Gained mutation: You are partially covered in large bone plates (AC +2, SH +2). [potion of beneficial mutation]
 64532 | Zig:7    | Identified the Grimoire of Arcane Weapons
 64541 | Zig:7    | Learned a level 7 spell: Orb of Destruction
 64548 | Zig:7    | Got a crude long sword
 64549 | Zig:7    | Identified the +9 long sword of Sapt {venom, *Drain rF+ MR+} (You found it on level 7 of a ziggurat)
 64555 | Zig:8    | Entered Level 8 of a ziggurat
 64602 | Zig:8    | Got a pitted war axe
 64603 | Zig:8    | Identified the +2 war axe of Teczump {holy, Int+3} (You found it on level 8 of a ziggurat)
 64611 | Zig:9    | Entered Level 9 of a ziggurat
 64687 | Zig:10   | Entered Level 10 of a ziggurat
 64692 | Zig:10   | Noticed a juggernaut
 64693 | Zig:10   | Noticed a juggernaut
 64694 | Zig:10   | Noticed a juggernaut
 64713 | Zig:10   | Killed a juggernaut
 64717 | Zig:10   | Killed a juggernaut
 64736 | Zig:10   | Killed a juggernaut
 64826 | Zig:10   | Got an ancient lajatang
 64827 | Zig:10   | Identified the +5 lajatang of Indomitability {freeze, -Tele +Inv Dex+10} (You found it on level 10 of a ziggurat)
 64832 | Zig:10   | Identified Laav Ade's Almanac of Augmentations
 64846 | Zig:11   | Entered Level 11 of a ziggurat
 64972 | Zig:11   | Identified Vehumet's Catalogue of Battle Magic
 64985 | Zig:11   | Got a bloodstained broad axe
 64986 | Zig:11   | Identified the +11 broad axe of Sudden Death {drain, -Tele rElec rPois rN+} (You found it on level 11 of a ziggurat)
 64992 | Zig:12   | Entered Level 12 of a ziggurat
 65000 | Zig:12   | Noticed an ancient lich
 65038 | Zig:12   | Killed an ancient lich
 65096 | Zig:12   | Learned a level 6 spell: Statue Form
 65129 | Zig:13   | Entered Level 13 of a ziggurat
 65140 | Zig:13   | Noticed an orb of fire
 65150 | Zig:13   | Gained mutation: Your body sometimes deteriorates upon taking damage. [an orb of fire]
 65164 | Zig:13   | Killed an orb of fire
 65261 | Zig:14   | Entered Level 14 of a ziggurat
 65287 | Zig:14   | Reached skill level 27 in Axes
 65443 | Zig:14   | Got a translucent fire dragon armour
 65454 | Zig:14   | Identified the cursed +1 fire dragon armour "Guagem" {+Inv rF++ rC- Int+5 Dex+2} (You found it on level 14 of a ziggurat)
 65481 | Zig:15   | Entered Level 15 of a ziggurat
 65497 | Zig:15   | Noticed an orb of fire
 65500 | Zig:15   | Noticed an orb of fire
 65510 | Zig:15   | Killed an orb of fire
 65516 | Zig:15   | Killed an orb of fire
 65516 | Zig:15   | Reached skill level 27 in Armour
 65570 | Zig:16   | Entered Level 16 of a ziggurat
 65768 | Zig:16   | Got a glittering golden ring
 65769 | Zig:16   | Identified the ring of Altruism {+/*Tele rElec rC- Str+3} (You found it on level 16 of a ziggurat)
 65787 | Zig:17   | Entered Level 17 of a ziggurat
 65799 | Zig:17   | Lost mutation: Your mind is very acute. (Int +4) [a shining eye]
 65996 | Zig:17   | Got an ancient granite ring
 65997 | Zig:17   | Identified the ring of Loliolaa {rF+++ rC- MR+ Dex+4 Slay+2} (You found it on level 17 of a ziggurat)
 66023 | Zig:18   | Entered Level 18 of a ziggurat
 66273 | Zig:19   | Entered Level 19 of a ziggurat
 66280 | Zig:19   | Noticed Moref the pandemonium lord
 66282 | Zig:19   | Noticed Geffial the pandemonium lord
 66283 | Zig:19   | Noticed Haograf the pandemonium lord
 66290 | Zig:19   | Noticed Myev the pandemonium lord
 66292 | Zig:19   | Noticed Duadutaloh the pandemonium lord
 66302 | Zig:19   | Noticed Ebug Dico the pandemonium lord
 66309 | Zig:19   | Killed Moref the pandemonium lord
 66315 | Zig:19   | Killed Duadutaloh the pandemonium lord
 66327 | Zig:19   | Killed Haograf the pandemonium lord
 66328 | Zig:19   | Killed Geffial the pandemonium lord
 66331 | Zig:19   | Killed Myev the pandemonium lord
 66347 | Zig:19   | Killed Ebug Dico the pandemonium lord
 66463 | Zig:19   | Identified the Catalogue of the Gliding Snowflakes
 66496 | Zig:20   | Entered Level 20 of a ziggurat
 66634 | Zig:20   | Identified the Compendium of Arcane Weapons and the Arsonist
 66652 | Zig:21   | Entered Level 21 of a ziggurat
 66879 | Zig:21   | Got a jewelled fire dragon armour
 66890 | Zig:21   | Identified the cursed +0 fire dragon armour "Purunorch" {-Cast rF++ rC- Str+3 Slay+2} (You found it on level 21 of a ziggurat)
 66910 | Zig:21   | Got a shimmering zirconium amulet
 66912 | Zig:21   | Identified the amulet of Petaot Qeadu {Ward rN+ MP+9 Str+2} (You found it on level 21 of a ziggurat)
 66930 | Zig:22   | Entered Level 22 of a ziggurat
 66991 | Zig:22   | Gained mutation: Your magical capacity is low (-10% MP). [a shining eye]
 67193 | Zig:22   | Got a twitching iron ring
 67200 | Zig:22   | Identified the ring "Toempog" {Fire Str+5 Int-3} (You found it on level 22 of a ziggurat)
 67213 | Zig:22   | Identified Lee's Catalogue of Harmful Clay
 67219 | Zig:22   | Got a translucent golden ring
 67221 | Zig:22   | Identified the ring of Quottuts {+Inv rC+ rN+ MP-9} (You found it on level 22 of a ziggurat)
 67247 | Zig:22   | Got a fine bone ring
 67248 | Zig:22   | Identified the ring "Jifrusme" {Str+4 Stlth-} (You found it on level 22 of a ziggurat)
 67252 | Zig:22   | Identified Lee's Guide on Confrontation (You found it on level 22 of a ziggurat)
 67256 | Zig:22   | Identified Fiaweng's Guide on Stones and Transmutation (You found it on level 22 of a ziggurat)
 67286 | Zig:23   | Entered Level 23 of a ziggurat
 67308 | Zig:23   | Gained mutation: Your body often deteriorates upon taking damage. [mutagenic glow]
 67309 | Zig:23   | Lost mutation: Your body often deteriorates upon taking damage. [potion of cure mutation]
 67309 | Zig:23   | Lost mutation: Your body sometimes deteriorates upon taking damage. [potion of cure mutation]
 67556 | Zig:23   | Identified Zefruyhumia's Grimoire of the Escort (You found it on level 23 of a ziggurat)
 67561 | Zig:23   | Identified Zulezu's Compendium of Excruciating Dislocation (You found it on level 23 of a ziggurat)
 67572 | Zig:23   | Identified the Incunabulum of the Mutagenic Volcanoes (You found it on level 23 of a ziggurat)
 67609 | Zig:24   | Entered Level 24 of a ziggurat
 67755 | Zig:24   | Got a scintillating platinum ring
 67757 | Zig:24   | Identified the ring of Midsummer {rPois rC+ MR+ Str-2} (You found it on level 24 of a ziggurat)
 67762 | Zig:24   | Got a bound silver ring
 67763 | Zig:24   | Identified the ring "Qetups" {rN+ Int+2 Dex-4 SInv Stlth+} (You found it on level 24 of a ziggurat)
 67894 | Zig:24   | Got a bound turquoise ring
 67895 | Zig:24   | Identified the ring of Zodeog {Dex+7 Stlth-} (You found it on level 24 of a ziggurat)
 67900 | Zig:24   | Got a twitching steel ring
 67901 | Zig:24   | Identified the ring "Ciedin" {rF- rC+ Int+2 Dex+2 Stlth-} (You found it on level 24 of a ziggurat)
 67912 | Zig:24   | Got a clouded bone ring
 67914 | Zig:24   | Identified the ring "Mesan" {rPois rC+ Str+4 Int+4} (You found it on level 24 of a ziggurat)
 67972 | Zig:24   | Got a crude flail
 67981 | Zig:25   | Entered Level 25 of a ziggurat
 68013 | Zig:25   | Reached skill level 27 in Fighting
 68051 | Zig:25   | Noticed an ancient lich
 68086 | Zig:25   | Killed an ancient lich
 68348 | Zig:25   | Got a flickering zirconium amulet
 68354 | Zig:25   | Identified the Incunabulum of Infinity
 68356 | Zig:25   | Got a crude tin ring
 68360 | Zig:25   | Identified the Reference Book on Assistive Dislocation
 68386 | Zig:25   | Identified the Reference Book on Cankerous Confrontation
 68400 | Zig:25   | Got a glittering jade ring
 68411 | Zig:25   | Identified the amulet of Orrogh {+Rage rN+ Str+4 Int+4} (You found it on level 25 of a ziggurat)
 68415 | Zig:25   | Identified the ring "Ylogetsoll" {rPois SInv Stlth-} (You found it on level 25 of a ziggurat)
 68417 | Zig:25   | Identified the ring "Tunyvar" {SustAt Str+6} (You found it on level 25 of a ziggurat)
 68433 | Zig:25   | Got a warped lead ring
 68435 | Zig:25   | Identified the ring of Xarob {Fire MR- Str+3 Dex+3 Stlth+} (You found it on level 25 of a ziggurat)
 68441 | Zig:25   | Got a vibrating amber ring
 68442 | Zig:25   | Identified the ring "Jiont" {SustAt Int+4 Slay+2} (You found it on level 25 of a ziggurat)
 68486 | Zig:26   | Entered Level 26 of a ziggurat
 68747 | Zig:26   | Identified the Incunabulum of Stolen Souls and Protection (You found it on level 26 of a ziggurat)
 68770 | Zig:26   | Got a pair of ancient gloves
 68771 | Zig:26   | Identified the +2 pair of gloves of Zamyozu {rN++ Int+3} (You found it on level 26 of a ziggurat)
 68807 | Zig:27   | Entered Level 27 of a ziggurat
 68904 | Zig:27   | Noticed an ancient lich
 68914 | Zig:27   | Killed an ancient lich
 68990 | Zig:27   | Got a vibrating turquoise ring
 68992 | Zig:27   | Identified the ring "Anoen" {MP+9 EV+5} (You found it on level 27 of a ziggurat)
 69388 | Depths:1 | Voluntarily entered the Abyss.
 69481 | Abyss:1  | Reached skill level 27 in Shields
 69490 | Abyss:1  | Reached skill level 1 in Spellcasting
 69592 | Abyss:1  | Lost mutation: You have a pair of antennae on your head. [potion of cure mutation]
 69592 | Abyss:1  | Lost mutation: Your mind is acute. (Int +2) [potion of cure mutation]
 69593 | Abyss:1  | Lost mutation: You are very agile. (Dex +4) [potion of cure mutation]
 69593 | Abyss:1  | Lost mutation: You expend magic power (3 MP) to strengthen your wands. [potion of cure mutation]
 69593 | Abyss:1  | Lost mutation: You are partially covered in large bone plates (AC +2, SH +2). [potion of cure mutation]
 69593 | Abyss:1  | Lost mutation: You can spit weak poison. [potion of cure mutation]
 69593 | Abyss:1  | Lost mutation: Your spells are a little harder to cast, but a little more powerful. [potion of cure mutation]
 69593 | Abyss:1  | Lost mutation: You are agile. (Dex +2) [potion of cure mutation]
 69594 | Abyss:1  | Lost mutation: Your magical capacity is low (-10% MP). [potion of cure mutation]
 69594 | Abyss:1  | Lost mutation: You have a pair of small antennae on your head. [potion of cure mutation]
 69594 | Abyss:1  | Lost mutation: You are resistant to electric shocks. [potion of cure mutation]
 69594 | Abyss:1  | Lost mutation: You tend to lose your temper in combat. [potion of cure mutation]
 69594 | Abyss:1  | Lost mutation: You are partially covered in molten scales (AC +1). [potion of cure mutation]
 69619 | Abyss:1  | Got a transparent silver ring
 69980 | Abyss:1  | Reached skill level 5 in Spellcasting
 70848 | Abyss:3  | Reached skill level 10 in Spellcasting
 71387 | Abyss:3  | Gained mutation: You are frail (-10% HP). [a cacodemon]
 71409 | Abyss:3  | Got an abyssal rune of Zot
 71420 | Abyss:3  | Lost mutation: You are frail (-10% HP). [potion of cure mutation]
 71716 | Abyss:3  | Gained mutation: You are dopey. (Int -2) [a neqoxec]
 71922 | Abyss:3  | Paralysed by accursed screaming for 1 turns
 71926 | Abyss:3  | Paralysed by accursed screaming for 1 turns
 72089 | Abyss:3  | Paralysed by accursed screaming for 1 turns
 72094 | Abyss:3  | Paralysed by accursed screaming for 1 turns
 72101 | Abyss:3  | Paralysed by accursed screaming for 1 turns
 72108 | Abyss:3  | Reached skill level 15 in Spellcasting
 72115 | Abyss:3  | Paralysed by accursed screaming for 1 turns
 72223 | Abyss:3  | Identified the ring "Qamah" {rF+ Stlth+} (You found it on level 1 of the Abyss)
 72344 | Abyss:3  | Paralysed by accursed screaming for 2 turns
 72356 | Abyss:3  | Noticed an ancient lich
 72373 | Abyss:3  | Killed an ancient lich
 72596 | Abyss:3  | Paralysed by accursed screaming for 1 turns
 73227 | Abyss:4  | Reached skill level 1 in Earth Magic
 73242 | Abyss:4  | Found a corrupted altar of Lugonu.
 73281 | Abyss:4  | Reached skill level 1 in Transmutations
 73313 | Abyss:4  | Paralysed by accursed screaming for 1 turns
 73334 | Abyss:4  | Paralysed by accursed screaming for 1 turns
 73337 | Abyss:4  | Gained mutation: You are frail (-10% HP). [a neqoxec]
 73351 | Abyss:4  | Paralysed by accursed screaming for 1 turns
 73416 | Abyss:4  | Reached skill level 5 in Transmutations
 73443 | Abyss:4  | Paralysed by accursed screaming for 2 turns
 73450 | Abyss:4  | Paralysed by accursed screaming for 1 turns
 73735 | Abyss:4  | Reached skill level 10 in Transmutations
 73893 | Abyss:4  | Paralysed by accursed screaming for 1 turns
 73905 | Abyss:4  | Paralysed by accursed screaming for 1 turns
 73917 | Abyss:4  | Paralysed by accursed screaming for 1 turns
 74487 | Abyss:4  | Found a corrupted altar of Lugonu.
 74523 | Abyss:4  | Found a corrupted altar of Lugonu.
 74721 | Abyss:4  | Paralysed by accursed screaming for 1 turns
 74738 | Abyss:4  | Reached skill level 15 in Transmutations
 74884 | Abyss:5  | Entered Level 5 of the Abyss
 74896 | Abyss:5  | Found a corrupted altar of Lugonu.
 75039 | Abyss:5  | Paralysed by accursed screaming for 1 turns
 75422 | Abyss:5  | Paralysed by you for 3 turns
 75614 | Depths:1 | Escaped the Abyss
 75773 | Lair:1   | Learned a level 9 spell: Shatter
 75782 | Lair:1   | Learned a level 8 spell: Necromutation
 75792 | Lair:1   | Learned a level 9 spell: Tornado
 75976 | Depths:3 | Lost mutation: You are dopey. (Int -2) [potion of cure mutation]
 75976 | Depths:3 | Lost mutation: You are frail (-10% HP). [potion of cure mutation]
 75999 | Pan      | Entered Pandemonium
 76029 | Pan      | Noticed Orchath the pandemonium lord
 76044 | Pan      | Killed Orchath the pandemonium lord
 76094 | Pan      | Reached skill level 1 in Necromancy
 76267 | Pan      | Learned a level 6 spell: Deflect Missiles
 76383 | Pan      | Found an exit through the horrors of the Abyss.
 76793 | Pan      | Reached skill level 5 in Necromancy
 76798 | Pan      | Gained mutation: You are robust (+10% HP). [a cacodemon]
 76840 | Pan      | Gained mutation: You are dopey. (Int -2) [a cacodemon]
 76872 | Pan      | Noticed Xerep the pandemonium lord
 76894 | Pan      | Killed Xerep the pandemonium lord
 76956 | Pan      | Found an exit through the horrors of the Abyss.
 77181 | Pan      | Reached skill level 10 in Necromancy
 77428 | Pan      | Noticed Epeeggo the pandemonium lord
 77441 | Pan      | Killed Epeeggo the pandemonium lord
 77682 | Pan      | Found an exit through the horrors of the Abyss.
 77991 | Pan      | Found an exit through the horrors of the Abyss.
 78023 | Pan      | Identified the Almanac of Companions and the Voyage
 78180 | Pan      | Noticed Gorchi the pandemonium lord
 78188 | Pan      | Killed Gorchi the pandemonium lord
 78610 | Pan      | Found an exit through the horrors of the Abyss.
 79206 | Pan      | Reached skill level 15 in Necromancy
 79676 | Depths:3 | Escaped Pandemonium
 79678 | Pan      | Entered Pandemonium
 79684 | Pan      | Noticed Guuz the pandemonium lord
 79693 | Pan      | Killed Guuz the pandemonium lord
 79973 | Pan      | Found an exit through the horrors of the Abyss.
 80296 | Pan      | Noticed Uthroujaf the pandemonium lord
 80317 | Pan      | Killed Uthroujaf the pandemonium lord
 80751 | Pan      | Found an exit through the horrors of the Abyss.
 81036 | Pan      | Noticed Enucsoec the pandemonium lord
 81046 | Pan      | Killed Enucsoec the pandemonium lord
 81209 | Pan      | Got a brightly glowing lead ring
 81234 | Pan      | Found an exit through the horrors of the Abyss.
 81775 | Pan      | Found an exit through the horrors of the Abyss.
 81866 | Pan      | Noticed Juguiru the pandemonium lord
 81879 | Pan      | Killed Juguiru the pandemonium lord
 82294 | Pan      | Identified the ring "Huxadax" {Fire rPois Dex+4 Stlth-} (You took it off a balrug in Pandemonium)
 82301 | Pan      | Learned a level 2 spell: Cure Poison
 82308 | Pan      | Learned a level 5 spell: Aura of Abjuration
 82718 | Pan      | Noticed Oqe Gug the pandemonium lord
 82734 | Pan      | Killed Oqe Gug the pandemonium lord
 82808 | Pan      | Found an exit through the horrors of the Abyss.
 82902 | Pan      | Gained mutation: You are occasionally teleported next to monsters. [a neqoxec]
 83421 | Pan      | Entered the realm of Lom Lobon.
 83445 | Pan      | Found an exit through the horrors of the Abyss.
 83895 | Pan      | Noticed Lom Lobon
 83936 | Pan      | Killed Lom Lobon
 83945 | Pan      | Got a magical rune of Zot
 84088 | Pan      | Noticed Ulexkaherr the pandemonium lord
 84109 | Pan      | Killed Ulexkaherr the pandemonium lord
 84245 | Pan      | Got a demonic rune of Zot
 84404 | Pan      | Found an exit through the horrors of the Abyss.
 85272 | Pan      | Found a burning altar of Makhleb.
 85285 | Pan      | Noticed Cuvanesk the pandemonium lord
 85293 | Pan      | Killed Cuvanesk the pandemonium lord
 85476 | Pan      | Found an exit through the horrors of the Abyss.
 85841 | Pan      | Found an exit through the horrors of the Abyss.
 85857 | Pan      | Lost mutation: You are dopey. (Int -2) [potion of cure mutation]
 85857 | Pan      | Lost mutation: You are occasionally teleported next to monsters. [potion of cure mutation]
 85857 | Pan      | Lost mutation: You are robust (+10% HP). [potion of cure mutation]
 85981 | Pan      | Noticed Lareschac the pandemonium lord
 86009 | Pan      | Killed Lareschac the pandemonium lord
 86644 | Pan      | Noticed an ancient lich
 86644 | Pan      | Noticed an ancient lich
 86645 | Pan      | Found a gateway to a ziggurat.
 86645 | Pan      | Noticed an ancient lich
 86659 | Pan      | Killed an ancient lich
 86664 | Pan      | Killed an ancient lich
 86675 | Pan      | Killed an ancient lich
 86681 | Zig:1    | Entered Level 1 of a ziggurat
 86699 | Zig:2    | Entered Level 2 of a ziggurat
 86759 | Zig:3    | Entered Level 3 of a ziggurat
 86789 | Zig:4    | Entered Level 4 of a ziggurat
 86822 | Zig:5    | Entered Level 5 of a ziggurat
 86868 | Zig:5    | Got a bound zirconium amulet
 86878 | Zig:5    | Identified the amulet of Xom's Amusement {Inacc +Fly rF+ rC+ Int+4} (You found it on level 5 of a ziggurat)
 86882 | Zig:6    | Entered Level 6 of a ziggurat
 86942 | Zig:7    | Entered Level 7 of a ziggurat
 87137 | Zig:8    | Entered Level 8 of a ziggurat
 87142 | Zig:8    | Noticed Jivefrim the pandemonium lord
 87144 | Zig:8    | Noticed Uroaroits the pandemonium lord
 87159 | Zig:8    | Paralysed by a giant eyeball for 3 turns
 87176 | Zig:8    | Killed Uroaroits the pandemonium lord
 87186 | Zig:8    | Killed Jivefrim the pandemonium lord
 87204 | Zig:9    | Entered Level 9 of a ziggurat
 87232 | Zig:9    | Paralysed by accursed screaming for 2 turns
 87279 | Zig:10   | Entered Level 10 of a ziggurat
 87284 | Zig:10   | Noticed a juggernaut
 87284 | Zig:10   | Noticed a juggernaut
 87286 | Zig:10   | Noticed a juggernaut
 87295 | Zig:10   | Identified 3 scrolls of acquirement
 87315 | Zig:10   | Killed a juggernaut
 87334 | Zig:10   | Killed a juggernaut
 87342 | Zig:10   | Killed a juggernaut
 87439 | Zig:11   | Entered Level 11 of a ziggurat
 87540 | Zig:12   | Entered Level 12 of a ziggurat
 87548 | Zig:12   | Noticed Powed the pandemonium lord
 87550 | Zig:12   | Noticed Zefytze the pandemonium lord
 87575 | Zig:12   | Killed Powed the pandemonium lord
 87593 | Zig:12   | Killed Zefytze the pandemonium lord
 87636 | Zig:12   | Identified the Compendium of Attacks and Execration
 87678 | Zig:13   | Entered Level 13 of a ziggurat
 87771 | Zig:13   | Got a scorched turquoise ring
 87772 | Zig:13   | Identified the ring "Keneast" {Ice Str+4} (You found it on level 13 of a ziggurat)
 87782 | Zig:13   | Identified Sif Muna's Handbook of Conjuration and Beguiling
 87796 | Zig:13   | Identified Sif Muna's Compendium of Excruciating Heat
 87806 | Zig:14   | Entered Level 14 of a ziggurat
 87954 | Zig:14   | Got a heavily runed jade ring
 87955 | Zig:14   | Identified the ring of Qamutag {rC+ MR++ Int-4} (You found it on level 14 of a ziggurat)
 88052 | Zig:15   | Entered Level 15 of a ziggurat
 88238 | Zig:16   | Entered Level 16 of a ziggurat
 88372 | Zig:16   | Learned a level 6 spell: Haste
 88385 | Zig:16   | Learned a level 8 spell: Discord
 88391 | Zig:16   | Identified the Collected Works on Self-Knowledge and the Voyage (You found it on level 16 of a ziggurat)
 88400 | Zig:17   | Entered Level 17 of a ziggurat
 88514 | Zig:17   | Got a shimmering crystal amulet
 88523 | Zig:17   | Identified the amulet of Otid {rMut Int+4} (You found it on level 17 of a ziggurat)
 88526 | Zig:17   | Got a bound iron ring
 88527 | Zig:17   | Identified the ring "Piwk" {MR+ MP+9 Dex+2 Stlth-} (You found it on level 17 of a ziggurat)
 88535 | Zig:17   | Identified Kytud's Catalogue of Conjuration
 88540 | Zig:17   | Identified the Papyrus of Ignition
 88556 | Zig:18   | Entered Level 18 of a ziggurat
 88570 | Zig:18   | Noticed an ancient lich
 88591 | Zig:18   | Killed an ancient lich
 88595 | Zig:18   | Noticed an ancient lich
 88622 | Zig:18   | Killed an ancient lich
 88625 | Zig:18   | Noticed an ancient lich
 88643 | Zig:18   | Killed an ancient lich
 88717 | Zig:18   | Identified the Collected Works on Toxins and Transmutation
 88727 | Zig:19   | Entered Level 19 of a ziggurat
 88736 | Zig:19   | Noticed Amufaf the pandemonium lord
 88740 | Zig:19   | Noticed Mydgh the pandemonium lord
 88741 | Zig:19   | Noticed Qurarif the pandemonium lord
 88743 | Zig:19   | Noticed Udoaqufo the pandemonium lord
 88746 | Zig:19   | Noticed Zasiuq the pandemonium lord
 88760 | Zig:19   | Killed Udoaqufo the pandemonium lord
 88761 | Zig:19   | Noticed Vutrar the pandemonium lord
 88764 | Zig:19   | Killed Qurarif the pandemonium lord
 88766 | Zig:19   | Killed Mydgh the pandemonium lord
 88766 | Zig:19   | Killed Zasiuq the pandemonium lord
 88773 | Zig:19   | Killed Amufaf the pandemonium lord
 88781 | Zig:19   | Noticed Omuakk the pandemonium lord
 88781 | Zig:19   | Killed Vutrar the pandemonium lord
 88784 | Zig:19   | Noticed Suniphy the pandemonium lord
 88790 | Zig:19   | Noticed Paklu the pandemonium lord
 88807 | Zig:19   | Noticed Eskimp the pandemonium lord
 88808 | Zig:19   | Killed Paklu the pandemonium lord
 88811 | Zig:19   | Noticed Nataigh the pandemonium lord
 88813 | Zig:19   | Noticed Bidghoar the pandemonium lord
 88813 | Zig:19   | Killed Omuakk the pandemonium lord
 88817 | Zig:19   | Killed Suniphy the pandemonium lord
 88826 | Zig:19   | Killed Eskimp the pandemonium lord
 88836 | Zig:19   | Noticed Aseeq the pandemonium lord
 88840 | Zig:19   | Killed Bidghoar the pandemonium lord
 88846 | Zig:19   | Killed Nataigh the pandemonium lord
 88853 | Zig:19   | Noticed Yptehod the pandemonium lord
 88860 | Zig:19   | Noticed Otuxorue the pandemonium lord
 88863 | Zig:19   | Killed Aseeq the pandemonium lord
 88879 | Zig:19   | Killed Yptehod the pandemonium lord
 88882 | Zig:19   | Killed Otuxorue the pandemonium lord
 88910 | Zig:19   | Identified the Volume of Arcane Weapons
 88938 | Zig:19   | Identified the Grimoire of the Frostbite (You found it on level 19 of a ziggurat)
 88947 | Zig:20   | Entered Level 20 of a ziggurat
 89212 | Zig:20   | Got a faintly glowing large shield
 89213 | Zig:20   | Identified the +1 large shield of Lifelessness {+Fly Str+4 SInv} (You took it off a daeva on level 20 of a ziggurat)
 89218 | Zig:20   | Got a steaming large shield
 89219 | Zig:20   | Identified the +3 large shield "Daste" {rN+++ MR+ Str-5} (You took it off a daeva on level 20 of a ziggurat)
 89331 | Zig:21   | Entered Level 21 of a ziggurat
 89627 | Zig:21   | Identified the Collected Works on Destructive Augmentations
 89669 | Zig:21   | Got a bound iron ring
 89670 | Zig:21   | Identified the ring of Sewkiw {EV+2 Str+9} (You found it on level 21 of a ziggurat)
 89680 | Zig:22   | Entered Level 22 of a ziggurat
 89729 | Zig:22   | Reached skill level 27 in Spellcasting
 89766 | Zig:22   | Reached skill level 27 in Necromancy
 89873 | Zig:22   | Got a shimmering lapis lazuli ring
 89874 | Zig:22   | Identified the ring of the Trilobite {rF+ Str-3 Int+5 SInv} (You found it on level 22 of a ziggurat)
 89913 | Zig:22   | Got a ring of the Octopus King
 89914 | Zig:22   | Identified a ring of the Octopus King {Wiz AC+1 EV+1 Str+1 Int+1 Dex+1} (You found it on level 22 of a ziggurat)
 89925 | Zig:22   | Gained mutation: You have a pair of small antennae on your head. [potion of beneficial mutation]
 89936 | Zig:22   | Got a dazzling war axe
 89940 | Zig:22   | Identified the +2 war axe of the Establishment {holy, rN+ Int+3 SInv} (You found it on level 22 of a ziggurat)
 89946 | Zig:22   | Got a bone war axe
 89947 | Zig:22   | Identified the +10 war axe "Nafiosesh" {chop, rC+ Dex+4} (You found it on level 22 of a ziggurat)
 89953 | Zig:22   | Got a pitted war axe
 89954 | Zig:22   | Identified the +10 war axe "Kyve" {flame, *Confuse Str+4 Int+9} (You found it on level 22 of a ziggurat)
 89962 | Zig:23   | Entered Level 23 of a ziggurat
 90191 | Zig:23   | Got an ancient steel ring
 90192 | Zig:23   | Identified the ring "Tadwueluit" {AC+1 Str-2 Dex+7 Slay+5} (You found it on level 23 of a ziggurat)
 90198 | Zig:23   | Got a slimy battleaxe
 90199 | Zig:23   | Identified the +1 battleaxe "With Two Names" {holy, rF+ rC++ Dex+7} (You found it on level 23 of a ziggurat)
 90209 | Zig:23   | Identified the Papyrus of Igneous Attacks (You found it on level 23 of a ziggurat)
 90212 | Zig:23   | Got a faintly glowing wooden ring
 90214 | Zig:23   | Identified the ring of Qaoven {rPois MP+9 Dex+3 Slay+2} (You found it on level 23 of a ziggurat)
 90219 | Zig:23   | Got a flickering wooden ring
 90221 | Zig:23   | Identified the ring "Imege" {rPois rF+ SInv Stlth+} (You found it on level 23 of a ziggurat)
 90401 | Zig:24   | Entered Level 24 of a ziggurat
 90482 | Zig:24   | Reached skill level 27 in Transmutations
 90490 | Zig:24   | Reached skill level 5 in Earth Magic
 90505 | Zig:24   | Reached skill level 10 in Earth Magic
 90526 | Zig:24   | Reached skill level 15 in Earth Magic
 90635 | Zig:24   | Got a fine silver ring
 90637 | Zig:24   | Identified the ring of the Traitor {SustAt +Inv Str+4 Slay-4 Stlth-} (You found it on level 24 of a ziggurat)
 90646 | Zig:24   | Got a steaming pewter ring
 90648 | Zig:24   | Identified the ring of Ticraeng {*Contam +Blink AC+4 Dex+7} (You found it on level 24 of a ziggurat)
 90853 | Zig:25   | Entered Level 25 of a ziggurat
 90995 | Zig:25   | HP: 13/298 [acid blob/splash of acid (9)]
 90995 | Zig:25   | HP: 2/298 [acid (11)]
 91338 | Zig:25   | Identified Kawnez's Collected Works on the Lethal Glacier
 91342 | Zig:25   | Identified the Compendium of Hexes
 91353 | Zig:25   | Got a pitted battleaxe
 91354 | Zig:25   | Identified the +10 battleaxe "Besidd" {venom, MR+ SInv} (You found it on level 25 of a ziggurat)
 91359 | Zig:25   | Identified the Grimoire of Vitriolic Transmigration
 91365 | Zig:25   | Got a shimmering amber ring
 91368 | Zig:25   | Identified the ring "Pinus" {Ice rPois MP+9} (You found it on level 25 of a ziggurat)
 91394 | Zig:26   | Entered Level 26 of a ziggurat
 91903 | Zig:27   | Entered Level 27 of a ziggurat
 92018 | Zig:27   | Reached skill level 27 in Earth Magic
 92040 | Zig:27   | Noticed an ancient lich
 92046 | Zig:27   | Killed an ancient lich
 92054 | Zig:27   | Noticed an ancient lich
 92076 | Zig:27   | Killed an ancient lich
 92180 | Zig:27   | Identified the Collected Works on Beguiling
 92189 | Zig:27   | Identified Xiytaj's Catalogue of Aid
 92198 | Zig:27   | Got a warped lapis lazuli ring
 92199 | Zig:27   | Identified the ring "Mimp" {rF+ Slay+2} (You found it on level 27 of a ziggurat)
 92525 | Pan      | Found an exit through the horrors of the Abyss.
 92580 | Pan      | Noticed Pyatoucko the pandemonium lord
 92589 | Pan      | Killed Pyatoucko the pandemonium lord
 93006 | Pan      | Found an exit through the horrors of the Abyss.
 93084 | Pan      | Noticed Voshosit the pandemonium lord
 93099 | Pan      | Killed Voshosit the pandemonium lord
 93726 | Pan      | Noticed Cicoz the pandemonium lord
 93742 | Pan      | Killed Cicoz the pandemonium lord
 94175 | Pan      | Gained mutation: You are clumsy. (Dex -2) [a neqoxec]
 94274 | Pan      | Lost mutation: You are clumsy. (Dex -2) [potion of cure mutation]
 94274 | Pan      | Lost mutation: You have a pair of small antennae on your head. [potion of cure mutation]
 94332 | Pan      | Found an exit through the horrors of the Abyss.
 94599 | Pan      | Noticed Raklop the pandemonium lord
 94618 | Pan      | Killed Raklop the pandemonium lord
 94679 | Pan      | Found an exit through the horrors of the Abyss.
 95350 | Pan      | Noticed Guqeonug the pandemonium lord
 95363 | Pan      | Killed Guqeonug the pandemonium lord
 95695 | Pan      | Found an exit through the horrors of the Abyss.
 96372 | Pan      | Noticed Xucab the pandemonium lord
 96383 | Pan      | Killed Xucab the pandemonium lord
 96420 | Pan      | Found an exit through the horrors of the Abyss.
 96870 | Pan      | Gained mutation: You tend to lose your temper in combat. [a neqoxec]
 96871 | Pan      | Lost mutation: You tend to lose your temper in combat. [potion of cure mutation]
 97014 | Pan      | Found an exit through the horrors of the Abyss.
 97079 | Pan      | Got a sparkling graven amulet
 97080 | Pan      | Identified the amulet of Efei {Clar rC+} (You found it in Pandemonium)
 97104 | Pan      | Noticed Naogoi the pandemonium lord
 97111 | Pan      | Killed Naogoi the pandemonium lord
 97584 | Depths:3 | Escaped Pandemonium
 97975 | Pan      | Entered Pandemonium
 98011 | Pan      | Found an exit through the horrors of the Abyss.
 98136 | Pan      | Found a gateway to a ziggurat.
 98180 | Zig:1    | Entered Level 1 of a ziggurat
 98206 | Zig:2    | Entered Level 2 of a ziggurat
 98226 | Zig:2    | Reached skill level 27 in Dodging
 98226 | Zig:2    | Reached skill level 1 in Air Magic
 98241 | Zig:3    | Entered Level 3 of a ziggurat
 98241 | Zig:3    | Noticed an ancient lich
 98241 | Zig:3    | Noticed an ancient lich
 98253 | Zig:3    | Killed an ancient lich
 98261 | Zig:3    | Killed an ancient lich
 98261 | Zig:3    | Reached skill level 5 in Air Magic
 98265 | Zig:3    | Identified Iskenderun's Tome of Battle Magic
 98278 | Zig:4    | Entered Level 4 of a ziggurat
 98334 | Zig:5    | Entered Level 5 of a ziggurat
 98386 | Zig:5    | Got a smoking iron ring
 98387 | Zig:5    | Identified the ring of Caj Gigi {rC+ rN+} (You found it on level 5 of a ziggurat)
 98398 | Zig:6    | Entered Level 6 of a ziggurat
 98420 | Zig:6    | Reached skill level 10 in Air Magic
 98456 | Zig:7    | Entered Level 7 of a ziggurat
 98530 | Zig:7    | Identified the Guide on Blistering Confrontation
 98534 | Zig:7    | Got a sapphire war axe
 98536 | Zig:7    | Identified the +11 war axe "Pendulum" {speed, *Noise Str+3} (You found it on level 7 of a ziggurat)
 98541 | Zig:8    | Entered Level 8 of a ziggurat
 98629 | Zig:8    | Got a wavering brass ring
 98632 | Zig:8    | Identified the ring of Wevuter {rPois rC++ Str-4 SInv} (You found it on level 8 of a ziggurat)
 98642 | Zig:8    | Identified the Incunabulum of Attacks and Contamination
 98649 | Zig:9    | Entered Level 9 of a ziggurat
 98850 | Zig:10   | Entered Level 10 of a ziggurat
 98916 | Zig:10   | Reached skill level 15 in Air Magic
 98996 | Zig:11   | Entered Level 11 of a ziggurat
 98999 | Zig:11   | Noticed an orb of fire
 98999 | Zig:11   | Noticed an orb of fire
 98999 | Zig:11   | Noticed an orb of fire
 98999 | Zig:11   | Noticed an orb of fire
 99000 | Zig:11   | Noticed an orb of fire
 99000 | Zig:11   | Noticed an orb of fire
 99001 | Zig:11   | Noticed an orb of fire
 99002 | Zig:11   | Noticed an orb of fire
 99002 | Zig:11   | Noticed an orb of fire
 99002 | Zig:11   | Noticed an orb of fire
 99016 | Zig:11   | Killed an orb of fire
 99022 | Zig:11   | Killed an orb of fire
 99026 | Zig:11   | Killed an orb of fire
 99026 | Zig:11   | Killed an orb of fire
 99036 | Zig:11   | Killed an orb of fire
 99043 | Zig:11   | Killed an orb of fire
 99045 | Zig:11   | Killed an orb of fire
 99052 | Zig:11   | Killed an orb of fire
 99055 | Zig:11   | Killed an orb of fire
 99061 | Zig:11   | Killed an orb of fire
 99091 | Zig:11   | Identified the Reference Book on Conjuration and Dislocation
 99095 | Zig:11   | Identified the Papyrus of Moulding and Stones
 99103 | Zig:11   | Identified the Guide on the Creative Compass
 99149 | Zig:12   | Entered Level 12 of a ziggurat
 99424 | Zig:13   | Entered Level 13 of a ziggurat
 99586 | Zig:13   | Identified Lesmol's Incunabulum of Darkness
 99593 | Zig:13   | Identified the Reference Book on Combat Magic
 99694 | Zig:14   | Entered Level 14 of a ziggurat
 99901 | Zig:14   | Got a smoking granite ring
 99902 | Zig:14   | Identified the ring "Muvul" {rC+ Str+2} (You found it on level 14 of a ziggurat)
 99906 | Zig:14   | Got a smoking war axe
 99907 | Zig:14   | Identified the +3 war axe "Pewiot" {chop, rElec} (You found it on level 14 of a ziggurat)
 99935 | Zig:14   | Got an encrusted plate armour
 99936 | Zig:14   | Identified the +4 plate armour "Weag" {MR+ Str-2 Stlth+} (You found it on level 14 of a ziggurat)
100011 | Zig:15   | Entered Level 15 of a ziggurat
100183 | Zig:15   | Got a coiled lead ring
100184 | Zig:15   | Identified the ring of Pyapt {Wiz Int+4} (You found it on level 15 of a ziggurat)
100188 | Zig:15   | Got a crude amber ring
100190 | Zig:15   | Identified the Handbook of Doomed Hexes
100192 | Zig:15   | Identified the ring of Cirretw Kaen {Ice +Blink rElec Str-3 Int+5} (You found it on level 15 of a ziggurat)
100215 | Zig:16   | Entered Level 16 of a ziggurat
100243 | Zig:16   | Cast into the Abyss (spatial maelstrom)
100255 | Abyss:1  | Paralysed by accursed screaming for 1 turns
100264 | Abyss:1  | Noticed an ancient lich
100267 | Abyss:1  | Paralysed by accursed screaming for 2 turns
100294 | Abyss:1  | Paralysed by accursed screaming for 2 turns
100318 | Abyss:1  | Paralysed by accursed screaming for 1 turns
100337 | Abyss:1  | Killed an ancient lich
100600 | Abyss:2  | Gained mutation: You are occasionally teleported next to monsters. [a neqoxec]
100660 | Abyss:2  | Paralysed by accursed screaming for 1 turns
100808 | Abyss:2  | Found a corrupted altar of Lugonu.
100903 | Abyss:2  | Found a corrupted altar of Lugonu.
101016 | Abyss:3  | Found a corrupted altar of Lugonu.
101245 | Abyss:5  | Entered Level 5 of the Abyss
101376 | Abyss:5  | Gained mutation: Your spells are a little easier to cast, but a little less powerful. [a neqoxec]
101381 | Abyss:5  | Gained mutation: You tend to lose your temper in combat. [a neqoxec]
101451 | Abyss:5  | Gained mutation: Scrolls take you much longer to read. [a neqoxec]
101461 | Abyss:5  | Paralysed by accursed screaming for 1 turns
101475 | Abyss:5  | Paralysed by accursed screaming for 1 turns
101510 | Abyss:5  | Paralysed by accursed screaming for 1 turns
101553 | Abyss:5  | Gained mutation: You occasionally shout uncontrollably at your foes. [a neqoxec]
101559 | Abyss:5  | Lost mutation: You tend to lose your temper in combat. [potion of cure mutation]
101559 | Abyss:5  | Lost mutation: Your spells are a little easier to cast, but a little less powerful. [potion of cure mutation]
101559 | Abyss:5  | Lost mutation: Scrolls take you a little longer to read. [potion of cure mutation]
101560 | Abyss:5  | Lost mutation: You are occasionally teleported next to monsters. [potion of cure mutation]
101560 | Abyss:5  | Lost mutation: You occasionally shout uncontrollably at your foes. [potion of cure mutation]
101726 | Abyss:5  | Noticed an ancient lich
101770 | Abyss:5  | Killed an ancient lich
101851 | Abyss:5  | Paralysed by accursed screaming for 1 turns
101871 | Abyss:5  | Paralysed by accursed screaming for 1 turns
101891 | Abyss:5  | Paralysed by accursed screaming for 1 turns
102154 | Abyss:5  | Gained mutation: You are frail (-10% HP). [a cacodemon]
102338 | Abyss:5  | Paralysed by accursed screaming for 2 turns
102351 | Abyss:5  | Paralysed by accursed screaming for 2 turns
102361 | Abyss:5  | Paralysed by accursed screaming for 1 turns
102385 | Abyss:5  | Paralysed by accursed screaming for 1 turns
102464 | Abyss:5  | Gained mutation: You are occasionally teleported next to monsters. [a neqoxec]
102758 | Abyss:5  | Gained mutation: You are dopey. (Int -2) [a cacodemon]
103044 | Abyss:5  | Noticed an ancient lich
103064 | Abyss:5  | Killed an ancient lich
103072 | Abyss:5  | Noticed an ancient lich
103081 | Abyss:5  | Killed an ancient lich
103222 | Abyss:5  | Paralysed by accursed screaming for 1 turns
103319 | Abyss:5  | Gained mutation: You are very weak. (Str -4) [a neqoxec]
103333 | Abyss:5  | Lost mutation: You are dopey. (Int -2) [potion of cure mutation]
103333 | Abyss:5  | Lost mutation: You are frail (-10% HP). [potion of cure mutation]
103334 | Abyss:5  | Lost mutation: You are weak. (Str -2) [potion of cure mutation]
103334 | Abyss:5  | Lost mutation: You are occasionally teleported next to monsters. [potion of cure mutation]
103458 | Abyss:5  | Reached skill level 27 in Air Magic
103487 | Abyss:5  | Reached skill level 1 in Charms
103506 | Abyss:5  | Found a runed door.
103530 | Abyss:5  | Got a pair of encrusted gloves
103726 | Abyss:5  | Reached skill level 5 in Charms
103837 | Abyss:5  | Paralysed by accursed screaming for 1 turns
103853 | Abyss:5  | Paralysed by accursed screaming for 1 turns
103970 | Abyss:5  | Paralysed by accursed screaming for 1 turns
103973 | Abyss:5  | Gained mutation: Your spells are a little easier to cast, but a little less powerful. [a neqoxec]
103981 | Abyss:5  | Gained mutation: Your body often deteriorates upon taking damage. [a neqoxec]
104026 | Zig:16   | Escaped the Abyss
104028 | Zig:16   | Gained mutation: You expend magic power (3 MP) to strengthen your wands. [a neqoxec]
104041 | Zig:16   | Paralysed by accursed screaming for 2 turns
104047 | Zig:16   | Reached skill level 10 in Charms
104077 | Zig:16   | Paralysed by accursed screaming for 2 turns
104099 | Zig:16   | Paralysed by accursed screaming for 2 turns
104124 | Zig:16   | Paralysed by accursed screaming for 2 turns
104150 | Zig:16   | Paralysed by accursed screaming for 2 turns
104224 | Zig:16   | Lost mutation: Your spells are a little easier to cast, but a little less powerful. [potion of cure mutation]
104224 | Zig:16   | Lost mutation: Your body sometimes deteriorates upon taking damage. [potion of cure mutation]
104225 | Zig:16   | Lost mutation: You expend magic power (3 MP) to strengthen your wands. [potion of cure mutation]
104243 | Zig:16   | Identified Lee's Guide on the Rocks and Transformation
104252 | Zig:16   | Got a slimy bronze ring
104253 | Zig:16   | Identified the cursed +0 pair of gloves of Impatience {MP+9} (You found it on level 5 of the Abyss)
104255 | Zig:16   | Identified the ring "Itorekk" {MP+9 Str+3 Dex-4 Slay+5 Stlth-} (You found it on level 16 of a ziggurat)
104263 | Zig:16   | Got a brightly glowing copper ring
104264 | Zig:16   | Identified the ring of Fun {rN+ MR+} (You found it on level 16 of a ziggurat)
104423 | Zig:17   | Entered Level 17 of a ziggurat
104544 | Zig:17   | Reached skill level 1 in Translocations
104565 | Zig:17   | Reached skill level 5 in Translocations
104818 | Zig:17   | Got a translucent ivory ring
104819 | Zig:17   | Identified the ring of Pusof {SustAt rElec rC- Str+2 Int-4} (You found it on level 17 of a ziggurat)
104827 | Zig:17   | Identified the Grimoire of Vlad
104843 | Zig:18   | Entered Level 18 of a ziggurat
104855 | Zig:18   | Noticed an ancient lich
104855 | Zig:18   | Noticed an ancient lich
104855 | Zig:18   | Noticed an ancient lich
104855 | Zig:18   | Noticed an ancient lich
104855 | Zig:18   | Noticed an ancient lich
104855 | Zig:18   | Noticed an ancient lich
104857 | Zig:18   | Noticed an ancient lich
104865 | Zig:18   | Noticed an ancient lich
104869 | Zig:18   | Reached skill level 10 in Translocations
104875 | Zig:18   | Killed an ancient lich
104878 | Zig:18   | Killed an ancient lich
104883 | Zig:18   | Noticed an ancient lich
104893 | Zig:18   | Killed an ancient lich
104894 | Zig:18   | Reached skill level 15 in Translocations
104894 | Zig:18   | Killed an ancient lich
104896 | Zig:18   | Killed an ancient lich
104905 | Zig:18   | Killed an ancient lich
104905 | Zig:18   | Killed an ancient lich
104908 | Zig:18   | Killed an ancient lich
104912 | Zig:18   | Killed an ancient lich
105031 | Zig:18   | Got a distressingly furry cloak
105042 | Zig:18   | Identified the +3 cloak "Luoxaoru" {Str+2} (You found it on level 18 of a ziggurat)
105184 | Zig:19   | Entered Level 19 of a ziggurat
105489 | Zig:19   | Got a vibrating steel ring
105490 | Zig:19   | Identified the ring of Huatt {rPois rC+ Int+2} (You found it on level 19 of a ziggurat)
105512 | Zig:19   | Got a slimy copper ring
105517 | Zig:19   | Identified the ring of Generosity {Fire *Corrode rElec Dex+3 Stlth+} (You found it on level 19 of a ziggurat)
105560 | Zig:20   | Entered Level 20 of a ziggurat
105575 | Zig:20   | Noticed an ancient lich
105576 | Zig:20   | Noticed an ancient lich
105576 | Zig:20   | Noticed an ancient lich
105576 | Zig:20   | Noticed an ancient lich
105576 | Zig:20   | Noticed an ancient lich
105576 | Zig:20   | Noticed an ancient lich
105577 | Zig:20   | Noticed an ancient lich
105578 | Zig:20   | Killed an ancient lich
105578 | Zig:20   | Killed an ancient lich
105580 | Zig:20   | Killed an ancient lich
105580 | Zig:20   | Killed an ancient lich
105580 | Zig:20   | Killed an ancient lich
105580 | Zig:20   | Killed an ancient lich
105580 | Zig:20   | Killed an ancient lich
105581 | Zig:20   | Noticed an ancient lich
105602 | Zig:20   | Noticed an ancient lich
105626 | Zig:20   | Killed an ancient lich
105631 | Zig:20   | Killed an ancient lich
105686 | Zig:20   | Got a pair of brightly glowing gloves
105697 | Zig:20   | Identified the cursed -4 pair of gloves of Broken Taboos {rF+++ rCorr Int-4 Slay-4} (You found it on level 20 of a ziggurat)
105715 | Zig:20   | Identified the Grimoire of Clay (You found it on level 20 of a ziggurat)
105722 | Zig:20   | Identified the Reference Book on the Traveller (You found it on level 20 of a ziggurat)
105869 | Zig:21   | Entered Level 21 of a ziggurat
105881 | Zig:21   | Reached skill level 27 in Translocations
105881 | Zig:21   | Reached skill level 1 in Summonings
105886 | Zig:21   | Reached skill level 5 in Summonings
105925 | Zig:21   | Reached skill level 10 in Summonings
105990 | Zig:21   | Got a ring of the Octopus King
105999 | Zig:21   | Identified a ring of the Octopus King {rF+ AC+1 EV+1 Str+1 Int+1 Dex+1} (You found it on level 21 of a ziggurat)
106023 | Zig:21   | Identified the Catalogue of the Barber Surgeon
106159 | Zig:22   | Entered Level 22 of a ziggurat
106174 | Zig:22   | Reached skill level 1 in Hexes
106177 | Zig:22   | Reached skill level 5 in Hexes
106203 | Zig:22   | Reached skill level 10 in Hexes
106296 | Zig:22   | Got a serpentine golden ring
106414 | Zig:22   | Identified the ring of Apeecrin {MR+ MP+9 Stlth-} (You found it on level 22 of a ziggurat)
106425 | Zig:23   | Entered Level 23 of a ziggurat
106478 | Zig:23   | Reached skill level 15 in Hexes
106789 | Zig:23   | Got a wavering steel ring
106791 | Zig:23   | Identified the cursed ring of Exhibitionism {rElec rF+ Int-2 Stlth+} (You found it on level 23 of a ziggurat)
106820 | Zig:24   | Entered Level 24 of a ziggurat
106836 | Zig:24   | Gained mutation: You are resistant to hostile enchantments. [a neqoxec]
106837 | Zig:24   | Gained mutation: Your magical capacity is low (-10% MP). [a neqoxec]
106844 | Zig:24   | Noticed an ancient lich
106851 | Zig:24   | Paralysed by accursed screaming for 2 turns
106853 | Zig:24   | Killed an ancient lich
106868 | Zig:24   | Gained mutation: Your body often deteriorates upon taking damage. [a neqoxec]
106958 | Zig:24   | Identified the Catalogue of Excruciating Poisoning (You found it on level 24 of a ziggurat)
107168 | Zig:25   | Entered Level 25 of a ziggurat
107296 | Zig:25   | Got an ancient garnet amulet
107441 | Zig:25   | Got a bound golden ring
107443 | Zig:25   | Identified the ring of Juhepsur {rPois Str+4} (You found it on level 25 of a ziggurat)
107448 | Zig:25   | Got a vibrating lead ring
107449 | Zig:25   | Identified the ring "Ycedieh" {rF+ Int+6 Stlth+} (You found it on level 25 of a ziggurat)
107458 | Zig:25   | Identified Vehumet's Almanac of Torrid Arcane Weapons
107461 | Zig:25   | Identified Sif Muna's Collected Works on the Unstable Rocks
107493 | Zig:26   | Entered Level 26 of a ziggurat
107544 | Zig:26   | Reached skill level 27 in Hexes
107544 | Zig:26   | Reached skill level 15 in Invocations
107614 | Zig:26   | Identified the amulet "Timm" {rCorr +Fly rN+ Dex+3} (You found it on level 25 of a ziggurat)
107623 | Zig:26   | Got a pair of slimy gloves
107634 | Zig:26   | Identified the cursed +0 pair of gloves of the Harp {*Corrode +Fly rN+++ Int-3} (You found it on level 26 of a ziggurat)
108040 | Zig:27   | Entered Level 27 of a ziggurat
108054 | Zig:27   | Noticed Waddehu the pandemonium lord
108055 | Zig:27   | Noticed Xixkua the pandemonium lord
108055 | Zig:27   | Noticed Iquliorgh the pandemonium lord
108055 | Zig:27   | Noticed Irrec the pandemonium lord
108056 | Zig:27   | Noticed Aplaesud the pandemonium lord
108056 | Zig:27   | Noticed Feguif Unusch the pandemonium lord
108056 | Zig:27   | Noticed Edol the pandemonium lord
108056 | Zig:27   | Noticed Muascheo the pandemonium lord
108056 | Zig:27   | Noticed Orufous the pandemonium lord
108056 | Zig:27   | Noticed Paetzu the pandemonium lord
108056 | Zig:27   | Noticed Yrululokk the pandemonium lord
108056 | Zig:27   | Noticed Zesijik the pandemonium lord
108056 | Zig:27   | Noticed Moegrog the pandemonium lord
108056 | Zig:27   | Noticed Geusu the pandemonium lord
108056 | Zig:27   | Noticed Bextion the pandemonium lord
108056 | Zig:27   | Noticed Afuxoar the pandemonium lord
108056 | Zig:27   | Noticed Orpheont the pandemonium lord
108056 | Zig:27   | Noticed Oratwatz the pandemonium lord
108056 | Zig:27   | Noticed a juggernaut
108056 | Zig:27   | Noticed Reb Pang the pandemonium lord
108056 | Zig:27   | Noticed Ybbady the pandemonium lord
108056 | Zig:27   | Noticed Yngilug the pandemonium lord
108056 | Zig:27   | Noticed Makojur the pandemonium lord
108057 | Zig:27   | Noticed Lodyiv the pandemonium lord
108057 | Zig:27   | Noticed Vaciokh the pandemonium lord
108057 | Zig:27   | Noticed Usan the pandemonium lord
108057 | Zig:27   | Noticed Ceak the pandemonium lord
108057 | Zig:27   | Noticed Jauck the pandemonium lord
108057 | Zig:27   | Noticed Tetiv the pandemonium lord
108057 | Zig:27   | Noticed Jewn the pandemonium lord
108057 | Zig:27   | Noticed Enna the pandemonium lord
108057 | Zig:27   | Noticed Fiuxzet the pandemonium lord
108057 | Zig:27   | Noticed Etwol the pandemonium lord
108057 | Zig:27   | Noticed Cuxipoff the pandemonium lord
108057 | Zig:27   | Noticed Zunungih the pandemonium lord
108057 | Zig:27   | Noticed Viedashy the pandemonium lord
108057 | Zig:27   | Noticed Xefoiso the pandemonium lord
108057 | Zig:27   | Noticed Iffywujo the pandemonium lord
108057 | Zig:27   | Noticed Agyumix the pandemonium lord
108057 | Zig:27   | Noticed Leppec the pandemonium lord
108057 | Zig:27   | Noticed Xaeno the pandemonium lord
108057 | Zig:27   | Noticed Tiaxkydu the pandemonium lord
108057 | Zig:27   | Noticed Zihazul the pandemonium lord
108057 | Zig:27   | Noticed Peoss the pandemonium lord
108057 | Zig:27   | Noticed Lobutrue the pandemonium lord
108057 | Zig:27   | Noticed Finkoeq the pandemonium lord
108057 | Zig:27   | Noticed Xuguas Botz the pandemonium lord
108057 | Zig:27   | Noticed Sufa the pandemonium lord
108058 | Zig:27   | Noticed Zasagrox the pandemonium lord
108058 | Zig:27   | Noticed Yfieg the pandemonium lord
108058 | Zig:27   | Noticed Uries the pandemonium lord
108058 | Zig:27   | Noticed Yllawoaq the pandemonium lord
108059 | Zig:27   | Noticed Inuon the pandemonium lord
108059 | Zig:27   | Noticed Rimmyumu the pandemonium lord
108059 | Zig:27   | Noticed Carel the pandemonium lord
108060 | Zig:27   | Noticed Pirrotz the pandemonium lord
108060 | Zig:27   | Noticed Ysheluwn the pandemonium lord
108060 | Zig:27   | Noticed Hurr the pandemonium lord
108061 | Zig:27   | Noticed Miutyikk the pandemonium lord
108065 | Zig:27   | Noticed Userchi the pandemonium lord
108065 | Zig:27   | Noticed Seuneuw the pandemonium lord
108066 | Zig:27   | Killed a juggernaut
108066 | Zig:27   | Killed Geusu the pandemonium lord
108066 | Zig:27   | Killed Bextion the pandemonium lord
108066 | Zig:27   | Killed Edol the pandemonium lord
108068 | Zig:27   | Noticed Cughir the pandemonium lord
108068 | Zig:27   | Killed Yrululokk the pandemonium lord
108072 | Zig:27   | Killed Oratwatz the pandemonium lord
108072 | Zig:27   | Killed Orufous the pandemonium lord
108074 | Zig:27   | Killed Feguif Unusch the pandemonium lord
108079 | Zig:27   | Killed Sufa the pandemonium lord
108080 | Zig:27   | Noticed Mupsoe the pandemonium lord
108081 | Zig:27   | Noticed Ecrodik the pandemonium lord
108086 | Zig:27   | Killed Muascheo the pandemonium lord
108087 | Zig:27   | Noticed Biyhozel the pandemonium lord
108089 | Zig:27   | Killed Etwol the pandemonium lord
108089 | Zig:27   | Killed Xuguas Botz the pandemonium lord
108089 | Zig:27   | Killed Tetiv the pandemonium lord
108089 | Zig:27   | Killed Finkoeq the pandemonium lord
108089 | Zig:27   | Killed Viedashy the pandemonium lord
108091 | Zig:27   | Noticed Ylecocett the pandemonium lord
108091 | Zig:27   | Killed Tiaxkydu the pandemonium lord
108092 | Zig:27   | Killed Fiuxzet the pandemonium lord
108098 | Zig:27   | Killed Afuxoar the pandemonium lord
108099 | Zig:27   | Noticed Pamacid the pandemonium lord
108101 | Zig:27   | Killed Peoss the pandemonium lord
108101 | Zig:27   | Killed Inuon the pandemonium lord
108101 | Zig:27   | Killed Zasagrox the pandemonium lord
108101 | Zig:27   | Killed Waddehu the pandemonium lord
108101 | Zig:27   | Killed Aplaesud the pandemonium lord
108103 | Zig:27   | Killed Zesijik the pandemonium lord
108103 | Zig:27   | Killed Zihazul the pandemonium lord
108104 | Zig:27   | Noticed Abejaem the pandemonium lord
108107 | Zig:27   | Killed Ceak the pandemonium lord
108110 | Zig:27   | Killed Enna the pandemonium lord
108111 | Zig:27   | Killed Agyumix the pandemonium lord
108111 | Zig:27   | Killed Vaciokh the pandemonium lord
108111 | Zig:27   | Killed Xefoiso the pandemonium lord
108112 | Zig:27   | Killed Ysheluwn the pandemonium lord
108112 | Zig:27   | Killed Userchi the pandemonium lord
108112 | Zig:27   | Killed Xaeno the pandemonium lord
108113 | Zig:27   | Killed Iffywujo the pandemonium lord
108113 | Zig:27   | Killed Lodyiv the pandemonium lord
108114 | Zig:27   | Killed Orpheont the pandemonium lord
108117 | Zig:27   | Killed Cuxipoff the pandemonium lord
108117 | Zig:27   | Killed Ybbady the pandemonium lord
108118 | Zig:27   | Killed Uries the pandemonium lord
108119 | Zig:27   | Killed Yngilug the pandemonium lord
108119 | Zig:27   | Killed Pirrotz the pandemonium lord
108124 | Zig:27   | Killed Xixkua the pandemonium lord
108125 | Zig:27   | Killed Leppec the pandemonium lord
108125 | Zig:27   | Killed Lobutrue the pandemonium lord
108125 | Zig:27   | Reached skill level 27 in Invocations
108127 | Zig:27   | Killed Reb Pang the pandemonium lord
108129 | Zig:27   | Killed Ecrodik the pandemonium lord
108129 | Zig:27   | Reached skill level 10 in Long Blades
108129 | Zig:27   | Paralysed by a giant eyeball for 4 turns
108136 | Zig:27   | Killed Rimmyumu the pandemonium lord
108142 | Zig:27   | Killed Hurr the pandemonium lord
108142 | Zig:27   | Killed Zunungih the pandemonium lord
108142 | Zig:27   | Killed Pamacid the pandemonium lord
108142 | Zig:27   | Killed Seuneuw the pandemonium lord
108143 | Zig:27   | Killed Mupsoe the pandemonium lord
108144 | Zig:27   | Noticed Buaj the pandemonium lord
108144 | Zig:27   | Noticed Hymawam the pandemonium lord
108144 | Zig:27   | Noticed Rulyh the pandemonium lord
108146 | Zig:27   | Killed Moegrog the pandemonium lord
108147 | Zig:27   | Paralysed by a giant eyeball for 3 turns
108149 | Zig:27   | Noticed Eted the pandemonium lord
108149 | Zig:27   | Killed Biyhozel the pandemonium lord
108149 | Zig:27   | Killed Irrec the pandemonium lord
108151 | Zig:27   | Killed Makojur the pandemonium lord
108153 | Zig:27   | Noticed Yxiar the pandemonium lord
108153 | Zig:27   | Killed Paetzu the pandemonium lord
108154 | Zig:27   | Killed Rulyh the pandemonium lord
108156 | Zig:27   | Noticed a juggernaut
108156 | Zig:27   | Noticed Faelid the pandemonium lord
108158 | Zig:27   | Noticed Bewuejiezxu the pandemonium lord
108158 | Zig:27   | Noticed Poepp the pandemonium lord
108160 | Zig:27   | Killed Usan the pandemonium lord
108161 | Zig:27   | Killed Iquliorgh the pandemonium lord
108163 | Zig:27   | Reached skill level 15 in Long Blades
108165 | Zig:27   | Killed Yfieg the pandemonium lord
108165 | Zig:27   | Killed Buaj the pandemonium lord
108170 | Zig:27   | Killed Miutyikk the pandemonium lord
108170 | Zig:27   | Killed Carel the pandemonium lord
108170 | Zig:27   | Killed Jewn the pandemonium lord
108170 | Zig:27   | Killed Abejaem the pandemonium lord
108170 | Zig:27   | Killed Ylecocett the pandemonium lord
108170 | Zig:27   | Killed Hymawam the pandemonium lord
108171 | Zig:27   | Killed Jauck the pandemonium lord
108171 | Zig:27   | Killed Yllawoaq the pandemonium lord
108171 | Zig:27   | Killed a juggernaut
108171 | Zig:27   | Killed Yxiar the pandemonium lord
108172 | Zig:27   | Killed Poepp the pandemonium lord
108173 | Zig:27   | Killed Bewuejiezxu the pandemonium lord
108182 | Zig:27   | Noticed Qesyung the pandemonium lord
108182 | Zig:27   | Killed Cughir the pandemonium lord
108195 | Zig:27   | Killed Faelid the pandemonium lord
108205 | Zig:27   | Killed Eted the pandemonium lord
108211 | Zig:27   | Killed Qesyung the pandemonium lord
108412 | Zig:27   | Got a heavily runed iron ring
108413 | Zig:27   | Identified the ring of Midsummer {Fire rElec MP+9 Int+2 Dex+2} (You found it on level 27 of a ziggurat)
108422 | Zig:27   | Got a transparent lead ring
108423 | Zig:27   | Identified the ring "Hojoxtir" {AC+3 Int+4 Stlth+} (You found it on level 27 of a ziggurat)
108426 | Zig:27   | Got a sparkling ivory ring
108428 | Zig:27   | Identified the ring of Departure {-Tele +Inv rF+ rC+ Str+2} (You found it on level 27 of a ziggurat)
108629 | Pan      | Noticed Kigipt the pandemonium lord
108630 | Pan      | Killed Kigipt the pandemonium lord
108760 | Pan      | Lost mutation: Your magical capacity is low (-10% MP). [potion of cure mutation]
108760 | Pan      | Lost mutation: Your body sometimes deteriorates upon taking damage. [potion of cure mutation]
108760 | Pan      | Lost mutation: You are resistant to hostile enchantments. [potion of cure mutation]
109500 | Pan      | Found an exit through the horrors of the Abyss.
110068 | Pan      | Gained mutation: You occasionally shout uncontrollably at your foes. [a neqoxec]
110675 | Pan      | Gained mutation: Your flesh is heat resistant. [a cacodemon]
110696 | Pan      | Gained mutation: You possess an exceptional clarity of mind. [a cacodemon]
110718 | Pan      | Noticed Emoluch the pandemonium lord
110761 | Pan      | Killed Emoluch the pandemonium lord
110880 | Pan      | Found an exit through the horrors of the Abyss.
111024 | Pan      | Gained mutation: Your magical capacity is low (-10% MP). [a neqoxec]
111048 | Pan      | Lost mutation: Your magical capacity is low (-10% MP). [potion of cure mutation]
111048 | Pan      | Lost mutation: You occasionally shout uncontrollably at your foes. [potion of cure mutation]
111048 | Pan      | Lost mutation: Your flesh is heat resistant. [potion of cure mutation]
111048 | Pan      | Lost mutation: You possess an exceptional clarity of mind. [potion of cure mutation]
111600 | Pan      | Noticed Uquuwk the pandemonium lord
111627 | Pan      | Killed Uquuwk the pandemonium lord
111892 | Pan      | Found an exit through the horrors of the Abyss.
112477 | Depths:3 | Escaped Pandemonium
112687 | Lair:1   | Learned a level 9 spell: Fire Storm
112909 | Pan      | Entered Pandemonium
113139 | Pan      | Found an exit through the horrors of the Abyss.
113187 | Pan      | Found a runed door.
113192 | Pan      | Gained mutation: You are clumsy. (Dex -2) [a neqoxec]
113791 | Pan      | Noticed Zivuakh the pandemonium lord
113820 | Pan      | Killed Zivuakh the pandemonium lord
113843 | Pan      | Entered the realm of Gloorx Vloq.
113884 | Pan      | Noticed Gloorx Vloq
114018 | Pan      | Found an exit through the horrors of the Abyss.
114150 | Pan      | Found a gateway to a ziggurat.
114170 | Zig:1    | Entered Level 1 of a ziggurat
114280 | Zig:2    | Entered Level 2 of a ziggurat
114480 | Zig:3    | Entered Level 3 of a ziggurat
114480 | Zig:3    | Noticed a juggernaut
114480 | Zig:3    | Noticed a juggernaut
114480 | Zig:3    | Noticed a juggernaut
114480 | Zig:3    | Noticed a juggernaut
114485 | Zig:3    | Killed a juggernaut
114487 | Zig:3    | Killed a juggernaut
114489 | Zig:3    | Killed a juggernaut
114490 | Zig:3    | Killed a juggernaut
114556 | Zig:4    | Entered Level 4 of a ziggurat
114840 | Zig:5    | Entered Level 5 of a ziggurat
114909 | Zig:5    | Lost mutation: You are clumsy. (Dex -2) [mutagenic glow]
115211 | Zig:6    | Entered Level 6 of a ziggurat
115779 | Zig:7    | Entered Level 7 of a ziggurat
116033 | Zig:7    | Got a faintly glowing battleaxe
116034 | Zig:7    | Identified the +2 battleaxe of Insufficient Pleasure {chop, rC+ Str+2} (You found it on level 7 of a ziggurat)
116051 | Zig:8    | Entered Level 8 of a ziggurat
116051 | Zig:8    | Noticed an ancient lich
116052 | Zig:8    | Noticed an ancient lich
116053 | Zig:8    | Noticed an ancient lich
116076 | Zig:8    | Killed an ancient lich
116077 | Zig:8    | Killed an ancient lich
116077 | Zig:8    | Reached skill level 27 in Long Blades
116077 | Zig:8    | Reached skill level 1 in Conjurations
116077 | Zig:8    | Reached skill level 1 in Fire Magic
116111 | Zig:8    | Reached skill level 5 in Conjurations
116111 | Zig:8    | Reached skill level 5 in Fire Magic
116113 | Zig:8    | Killed an ancient lich
116188 | Zig:8    | Gained mutation: You have a pair of small horns on your head. [potion of beneficial mutation]
116191 | Zig:8    | Got a transparent iron ring
116192 | Zig:8    | Identified the ring "Apsim" {Ice rN+ Str+4} (You found it on level 8 of a ziggurat)
116205 | Zig:9    | Entered Level 9 of a ziggurat
116213 | Zig:9    | Reached skill level 10 in Conjurations
116213 | Zig:9    | Reached skill level 10 in Fire Magic
116504 | Zig:10   | Entered Level 10 of a ziggurat
116507 | Zig:10   | Noticed Adank the pandemonium lord
116509 | Zig:10   | Noticed Esinag the pandemonium lord
116509 | Zig:10   | Noticed Wufouxel the pandemonium lord
116509 | Zig:10   | Noticed Zoew the pandemonium lord
116516 | Zig:10   | Killed Adank the pandemonium lord
116519 | Zig:10   | Killed Esinag the pandemonium lord
116520 | Zig:10   | Killed Zoew the pandemonium lord
116531 | Zig:10   | Killed Wufouxel the pandemonium lord
116660 | Zig:11   | Entered Level 11 of a ziggurat
116663 | Zig:11   | Noticed a juggernaut
116663 | Zig:11   | Noticed a juggernaut
116664 | Zig:11   | Noticed a juggernaut
116666 | Zig:11   | Noticed a juggernaut
116667 | Zig:11   | Noticed a juggernaut
116667 | Zig:11   | Noticed a juggernaut
116667 | Zig:11   | Noticed a juggernaut
116672 | Zig:11   | Reached skill level 15 in Conjurations
116672 | Zig:11   | Reached skill level 15 in Fire Magic
116673 | Zig:11   | Killed a juggernaut
116673 | Zig:11   | Killed a juggernaut
116673 | Zig:11   | Killed a juggernaut
116674 | Zig:11   | Killed a juggernaut
116675 | Zig:11   | Killed a juggernaut
116676 | Zig:11   | Killed a juggernaut
116677 | Zig:11   | Killed a juggernaut
116795 | Zig:11   | Got an encrusted war axe
116796 | Zig:11   | Identified the +8 war axe of Malox {pain, rN+ Dex+4} (You found it on level 11 of a ziggurat)
117041 | Zig:12   | Entered Level 12 of a ziggurat
117047 | Zig:12   | Noticed an ancient lich
117060 | Zig:12   | Killed an ancient lich
117234 | Zig:12   | Got a sparkling iron ring
117238 | Zig:12   | Identified the ring of the Magpie {Dex+4 Stlth+} (You found it on level 12 of a ziggurat)
117293 | Zig:13   | Entered Level 13 of a ziggurat
117404 | Zig:13   | Got a coiled jade amulet
117405 | Zig:13   | Identified the amulet "Xiyn" {Gourm Str+4 SInv} (You found it on level 13 of a ziggurat)
117555 | Zig:14   | Entered Level 14 of a ziggurat
117842 | Zig:15   | Entered Level 15 of a ziggurat
117965 | Zig:15   | Got a slimy platinum ring
117966 | Zig:15   | Identified the ring "Xidorph" {-Tele rPois rC++ Str+4 SInv} (You found it on level 15 of a ziggurat)
118168 | Zig:15   | Got an ichor-stained quarterstaff
118169 | Zig:15   | Identified the +2 quarterstaff of Agony {crush, MR+ Int+4 Dex+4} (You found it on level 15 of a ziggurat)
118178 | Zig:16   | Entered Level 16 of a ziggurat
118186 | Zig:16   | Noticed an ancient lich
118186 | Zig:16   | Noticed an ancient lich
118188 | Zig:16   | Noticed an ancient lich
118190 | Zig:16   | Noticed an ancient lich
118190 | Zig:16   | Noticed an ancient lich
118191 | Zig:16   | Noticed an ancient lich
118191 | Zig:16   | Noticed an ancient lich
118191 | Zig:16   | Noticed an ancient lich
118191 | Zig:16   | Noticed an ancient lich
118200 | Zig:16   | Noticed an ancient lich
118203 | Zig:16   | Noticed an ancient lich
118203 | Zig:16   | Killed an ancient lich
118204 | Zig:16   | Killed an ancient lich
118204 | Zig:16   | Killed an ancient lich
118205 | Zig:16   | Noticed an ancient lich
118205 | Zig:16   | Killed an ancient lich
118205 | Zig:16   | Killed an ancient lich
118205 | Zig:16   | Killed an ancient lich
118205 | Zig:16   | Killed an ancient lich
118208 | Zig:16   | Killed an ancient lich
118209 | Zig:16   | Killed an ancient lich
118209 | Zig:16   | Killed an ancient lich
118219 | Zig:16   | Killed an ancient lich
118227 | Zig:16   | Killed an ancient lich
118416 | Zig:17   | Entered Level 17 of a ziggurat
118525 | Zig:17   | Noticed Keevustre the pandemonium lord
118543 | Zig:17   | Killed Keevustre the pandemonium lord
118606 | Zig:17   | Reached skill level 27 in Conjurations
118611 | Zig:17   | Got a warped lead ring
118612 | Zig:17   | Identified the ring of the Okapi {-Tele rPois rF+ rC+ rN+++} (You found it on level 17 of a ziggurat)
118625 | Zig:17   | Got a wavering platinum ring
118626 | Zig:17   | Identified the ring of the Ancient Eyes {MP-9 Str+7 Int+3} (You found it on level 17 of a ziggurat)
118630 | Zig:17   | Got a pitted turquoise ring
118631 | Zig:17   | Identified the ring of the Rose {rPois Slay+5} (You found it on level 17 of a ziggurat)
118767 | Zig:18   | Entered Level 18 of a ziggurat
118786 | Zig:18   | Reached skill level 27 in Fire Magic
118789 | Zig:18   | Reached skill level 1 in Staves
118794 | Zig:18   | Reached skill level 5 in Staves
118837 | Zig:18   | Reached skill level 10 in Staves
119020 | Zig:18   | Reached skill level 15 in Staves
119027 | Zig:18   | Got a fine steel ring
119028 | Zig:18   | Identified the ring of the Heavens {Wiz Str+3 Int+3 Dex-3} (You found it on level 18 of a ziggurat)
119036 | Zig:18   | Got a scintillating golden ring
119037 | Zig:18   | Identified the ring "Hiovium" {+/*Tele rF+ Str+3 Dex+4 Slay+3} (You found it on level 18 of a ziggurat)
119211 | Zig:19   | Entered Level 19 of a ziggurat
119221 | Zig:19   | Noticed Derchami the pandemonium lord
119249 | Zig:19   | Killed Derchami the pandemonium lord
119460 | Zig:20   | Entered Level 20 of a ziggurat
119469 | Zig:20   | Noticed Esi Haak the pandemonium lord
119469 | Zig:20   | Noticed Pymanol the pandemonium lord
119469 | Zig:20   | Noticed Ulutt the pandemonium lord
119470 | Zig:20   | Noticed Zecroh the pandemonium lord
119470 | Zig:20   | Noticed Hikeimo the pandemonium lord
119470 | Zig:20   | Noticed Costrino the pandemonium lord
119470 | Zig:20   | Noticed Nodose the pandemonium lord
119470 | Zig:20   | Noticed Adool the pandemonium lord
119470 | Zig:20   | Noticed Ecun Ysuid the pandemonium lord
119470 | Zig:20   | Noticed Pamem the pandemonium lord
119470 | Zig:20   | Noticed Pemy the pandemonium lord
119470 | Zig:20   | Noticed Tefed the pandemonium lord
119470 | Zig:20   | Noticed Lemnoura the pandemonium lord
119470 | Zig:20   | Noticed Ohehan the pandemonium lord
119470 | Zig:20   | Noticed Gaetteom the pandemonium lord
119470 | Zig:20   | Noticed Adonauto the pandemonium lord
119470 | Zig:20   | Noticed Jaebunot the pandemonium lord
119470 | Zig:20   | Noticed Ukisima the pandemonium lord
119470 | Zig:20   | Noticed Hucseoh the pandemonium lord
119470 | Zig:20   | Noticed Zuconat the pandemonium lord
119470 | Zig:20   | Noticed Gisk the pandemonium lord
119470 | Zig:20   | Noticed Kinibo Qiki the pandemonium lord
119471 | Zig:20   | Noticed Yquinix the pandemonium lord
119471 | Zig:20   | Noticed Oppouf the pandemonium lord
119471 | Zig:20   | Noticed Cer Goco the pandemonium lord
119471 | Zig:20   | Noticed Jueruep the pandemonium lord
119471 | Zig:20   | Noticed Kepheire the pandemonium lord
119471 | Zig:20   | Noticed Aniskuc the pandemonium lord
119471 | Zig:20   | Noticed Herchytou the pandemonium lord
119471 | Zig:20   | Noticed Ykacw the pandemonium lord
119471 | Zig:20   | Noticed Peaf the pandemonium lord
119471 | Zig:20   | Noticed Eblyots the pandemonium lord
119471 | Zig:20   | Noticed Pummium the pandemonium lord
119471 | Zig:20   | Noticed Laagoip the pandemonium lord
119471 | Zig:20   | Noticed Tiwywn the pandemonium lord
119471 | Zig:20   | Noticed Xaofar the pandemonium lord
119471 | Zig:20   | Noticed Fonwip the pandemonium lord
119471 | Zig:20   | Noticed Obrufemn the pandemonium lord
119471 | Zig:20   | Noticed Yhukonis the pandemonium lord
119471 | Zig:20   | Noticed Baczoff the pandemonium lord
119471 | Zig:20   | Noticed Taxasy the pandemonium lord
119474 | Zig:20   | Killed Eblyots the pandemonium lord
119475 | Zig:20   | Killed Pemy the pandemonium lord
119475 | Zig:20   | Killed Adool the pandemonium lord
119475 | Zig:20   | Killed Obrufemn the pandemonium lord
119476 | Zig:20   | Noticed Bakasot the pandemonium lord
119476 | Zig:20   | Killed Hucseoh the pandemonium lord
119477 | Zig:20   | Killed Lemnoura the pandemonium lord
119477 | Zig:20   | Killed Gaetteom the pandemonium lord
119477 | Zig:20   | Killed Laagoip the pandemonium lord
119477 | Zig:20   | Killed Pummium the pandemonium lord
119477 | Zig:20   | Killed Cer Goco the pandemonium lord
119477 | Zig:20   | Killed Yquinix the pandemonium lord
119477 | Zig:20   | Killed Ukisima the pandemonium lord
119478 | Zig:20   | Killed Kinibo Qiki the pandemonium lord
119478 | Zig:20   | Killed Ecun Ysuid the pandemonium lord
119478 | Zig:20   | Killed Ohehan the pandemonium lord
119479 | Zig:20   | Noticed Gawi the pandemonium lord
119479 | Zig:20   | Killed Aniskuc the pandemonium lord
119479 | Zig:20   | Killed Hikeimo the pandemonium lord
119479 | Zig:20   | Killed Esi Haak the pandemonium lord
119480 | Zig:20   | Noticed Bunov the pandemonium lord
119480 | Zig:20   | Noticed Laokaum the pandemonium lord
119481 | Zig:20   | Killed Baczoff the pandemonium lord
119481 | Zig:20   | Killed Fonwip the pandemonium lord
119481 | Zig:20   | Killed Gisk the pandemonium lord
119481 | Zig:20   | Killed Ulutt the pandemonium lord
119481 | Zig:20   | Killed Oppouf the pandemonium lord
119484 | Zig:20   | Killed Yhukonis the pandemonium lord
119484 | Zig:20   | Killed Bakasot the pandemonium lord
119485 | Zig:20   | Noticed Ehanogh the pandemonium lord
119485 | Zig:20   | Killed Taxasy the pandemonium lord
119486 | Zig:20   | Killed Jaebunot the pandemonium lord
119486 | Zig:20   | Killed Zecroh the pandemonium lord
119486 | Zig:20   | Killed Costrino the pandemonium lord
119488 | Zig:20   | Killed Laokaum the pandemonium lord
119491 | Zig:20   | Killed Nodose the pandemonium lord
119491 | Zig:20   | Killed Pymanol the pandemonium lord
119491 | Zig:20   | Killed Pamem the pandemonium lord
119491 | Zig:20   | Killed Jueruep the pandemonium lord
119491 | Zig:20   | Killed Tiwywn the pandemonium lord
119492 | Zig:20   | Reached skill level 27 in Staves
119492 | Zig:20   | Killed Herchytou the pandemonium lord
119492 | Zig:20   | Killed Xaofar the pandemonium lord
119493 | Zig:20   | Killed Peaf the pandemonium lord
119493 | Zig:20   | Killed Ehanogh the pandemonium lord
119493 | Zig:20   | Reached skill level 15 in Summonings
119493 | Zig:20   | Killed Adonauto the pandemonium lord
119495 | Zig:20   | Killed Kepheire the pandemonium lord
119495 | Zig:20   | Killed Zuconat the pandemonium lord
119498 | Zig:20   | Killed Bunov the pandemonium lord
119498 | Zig:20   | Killed Tefed the pandemonium lord
119500 | Zig:20   | Killed Ykacw the pandemonium lord
119504 | Zig:20   | Noticed Zushunergh the pandemonium lord
119504 | Zig:20   | Killed Gawi the pandemonium lord
119514 | Zig:20   | Paralysed by you for 2 turns
119525 | Zig:20   | Killed Zushunergh the pandemonium lord
119563 | Zig:20   | Got a pair of ancient boots
119564 | Zig:20   | Identified the +4 pair of boots "Tiguliz" {-Tele rC+ Regen+} (You found it on level 20 of a ziggurat)
119706 | Zig:21   | Entered Level 21 of a ziggurat
119712 | Zig:21   | Noticed Plog the pandemonium lord
119713 | Zig:21   | Noticed Futh the pandemonium lord
119713 | Zig:21   | Noticed Jeneigh the pandemonium lord
119714 | Zig:21   | Noticed Cain the pandemonium lord
119714 | Zig:21   | Noticed Gisa the pandemonium lord
119714 | Zig:21   | Noticed Ovaituggi the pandemonium lord
119714 | Zig:21   | Noticed Ufrimata the pandemonium lord
119714 | Zig:21   | Noticed Bocoloim the pandemonium lord
119714 | Zig:21   | Noticed Zigoz the pandemonium lord
119714 | Zig:21   | Noticed Ejecsem the pandemonium lord
119714 | Zig:21   | Noticed Homeesm the pandemonium lord
119714 | Zig:21   | Noticed Dunokk the pandemonium lord
119714 | Zig:21   | Noticed Hoatwu Fyrun the pandemonium lord
119714 | Zig:21   | Noticed Qyadyjae the pandemonium lord
119714 | Zig:21   | Noticed Aceb the pandemonium lord
119714 | Zig:21   | Noticed Ybruof the pandemonium lord
119714 | Zig:21   | Noticed Ynijet the pandemonium lord
119714 | Zig:21   | Noticed Inyaqieps the pandemonium lord
119714 | Zig:21   | Noticed Zaul Beo the pandemonium lord
119714 | Zig:21   | Noticed Sytiutul the pandemonium lord
119714 | Zig:21   | Noticed Epnecs the pandemonium lord
119714 | Zig:21   | Noticed Ynateiz the pandemonium lord
119714 | Zig:21   | Noticed Oniad the pandemonium lord
119714 | Zig:21   | Noticed Rikhlala the pandemonium lord
119714 | Zig:21   | Noticed Byodem the pandemonium lord
119715 | Zig:21   | Noticed Hoegop the pandemonium lord
119715 | Zig:21   | Noticed Castoen the pandemonium lord
119715 | Zig:21   | Noticed Taduth the pandemonium lord
119715 | Zig:21   | Noticed Ruhirir the pandemonium lord
119715 | Zig:21   | Noticed Lunuw the pandemonium lord
119715 | Zig:21   | Noticed Ysucal the pandemonium lord
119715 | Zig:21   | Noticed Evvonyps the pandemonium lord
119715 | Zig:21   | Noticed Feimm the pandemonium lord
119715 | Zig:21   | Noticed Hylad the pandemonium lord
119715 | Zig:21   | Noticed Jemuz the pandemonium lord
119715 | Zig:21   | Noticed Vyhyl the pandemonium lord
119715 | Zig:21   | Noticed Vunwirolea the pandemonium lord
119715 | Zig:21   | Noticed Zeujual the pandemonium lord
119715 | Zig:21   | Noticed Ygguteguv the pandemonium lord
119715 | Zig:21   | Noticed Peshraef the pandemonium lord
119715 | Zig:21   | Noticed Elomurr the pandemonium lord
119715 | Zig:21   | Noticed Cozeon the pandemonium lord
119715 | Zig:21   | Noticed Gegevefo the pandemonium lord
119715 | Zig:21   | Noticed Mipon the pandemonium lord
119715 | Zig:21   | Noticed Cirejo the pandemonium lord
119715 | Zig:21   | Noticed Ixkej the pandemonium lord
119715 | Zig:21   | Noticed Suac the pandemonium lord
119715 | Zig:21   | Noticed Vacam the pandemonium lord
119715 | Zig:21   | Noticed Laimoek the pandemonium lord
119715 | Zig:21   | Noticed Goexaff the pandemonium lord
119715 | Zig:21   | Noticed Bis Ifi the pandemonium lord
119715 | Zig:21   | Noticed Rargh the pandemonium lord
119715 | Zig:21   | Noticed Giac the pandemonium lord
119717 | Zig:21   | Noticed Jikhlujoi the pandemonium lord
119717 | Zig:21   | Noticed Bodd the pandemonium lord
119719 | Zig:21   | Noticed Jinamn the pandemonium lord
119719 | Zig:21   | Killed Feimm the pandemonium lord
119719 | Zig:21   | Killed Ufrimata the pandemonium lord
119719 | Zig:21   | Killed Hoatwu Fyrun the pandemonium lord
119719 | Zig:21   | Killed Vacam the pandemonium lord
119720 | Zig:21   | Killed Ejecsem the pandemonium lord
119720 | Zig:21   | Killed Zigoz the pandemonium lord
119720 | Zig:21   | Killed Qyadyjae the pandemonium lord
119720 | Zig:21   | Killed Bocoloim the pandemonium lord
119720 | Zig:21   | Killed Ixkej the pandemonium lord
119720 | Zig:21   | Killed Mipon the pandemonium lord
119720 | Zig:21   | Killed Ovaituggi the pandemonium lord
119720 | Zig:21   | Killed Hoegop the pandemonium lord
119720 | Zig:21   | Killed Rargh the pandemonium lord
119721 | Zig:21   | Noticed Enwuafoi the pandemonium lord
119721 | Zig:21   | Killed Homeesm the pandemonium lord
119721 | Zig:21   | Killed Ygguteguv the pandemonium lord
119722 | Zig:21   | Noticed Poucothudac the pandemonium lord
119722 | Zig:21   | Killed Dunokk the pandemonium lord
119722 | Zig:21   | Killed Oniad the pandemonium lord
119722 | Zig:21   | Killed Aceb the pandemonium lord
119723 | Zig:21   | Noticed Sikat the pandemonium lord
119723 | Zig:21   | Noticed Vipicrothe the pandemonium lord
119723 | Zig:21   | Killed Rikhlala the pandemonium lord
119723 | Zig:21   | Killed Hylad the pandemonium lord
119723 | Zig:21   | Killed Lunuw the pandemonium lord
119723 | Zig:21   | Killed Zeujual the pandemonium lord
119723 | Zig:21   | Killed Sytiutul the pandemonium lord
119723 | Zig:21   | Killed Ynijet the pandemonium lord
119725 | Zig:21   | Killed Plog the pandemonium lord
119725 | Zig:21   | Killed Peshraef the pandemonium lord
119725 | Zig:21   | Killed Epnecs the pandemonium lord
119725 | Zig:21   | Killed Ynateiz the pandemonium lord
119725 | Zig:21   | Killed Gisa the pandemonium lord
119725 | Zig:21   | Killed Vunwirolea the pandemonium lord
119725 | Zig:21   | Killed Laimoek the pandemonium lord
119725 | Zig:21   | Killed Jinamn the pandemonium lord
119727 | Zig:21   | Killed Jikhlujoi the pandemonium lord
119727 | Zig:21   | Killed Cirejo the pandemonium lord
119729 | Zig:21   | Noticed Hoelo the pandemonium lord
119729 | Zig:21   | Killed Ruhirir the pandemonium lord
119743 | Zig:21   | Killed Goexaff the pandemonium lord
119745 | Zig:21   | Killed Zaul Beo the pandemonium lord
119747 | Zig:21   | Killed Sikat the pandemonium lord
119747 | Zig:21   | Killed Ybruof the pandemonium lord
119751 | Zig:21   | Killed Evvonyps the pandemonium lord
119752 | Zig:21   | Killed Castoen the pandemonium lord
119752 | Zig:21   | Killed Jemuz the pandemonium lord
119753 | Zig:21   | Killed Ysucal the pandemonium lord
119755 | Zig:21   | Killed Gegevefo the pandemonium lord
119755 | Zig:21   | Killed Giac the pandemonium lord
119757 | Zig:21   | Killed Vyhyl the pandemonium lord
119758 | Zig:21   | Killed Vipicrothe the pandemonium lord
119758 | Zig:21   | Killed Inyaqieps the pandemonium lord
119758 | Zig:21   | Killed Taduth the pandemonium lord
119759 | Zig:21   | Killed Enwuafoi the pandemonium lord
119759 | Zig:21   | Killed Suac the pandemonium lord
119760 | Zig:21   | Killed Jeneigh the pandemonium lord
119764 | Zig:21   | Killed Hoelo the pandemonium lord
119769 | Zig:21   | Killed Bodd the pandemonium lord
119771 | Zig:21   | Killed Poucothudac the pandemonium lord
119772 | Zig:21   | Killed Elomurr the pandemonium lord
119772 | Zig:21   | Killed Byodem the pandemonium lord
119774 | Zig:21   | Killed Cain the pandemonium lord
119776 | Zig:21   | Reached skill level 27 in Summonings
119776 | Zig:21   | Reached skill level 1 in Unarmed Combat
119777 | Zig:21   | Killed Futh the pandemonium lord
119778 | Zig:21   | Reached skill level 5 in Unarmed Combat
119780 | Zig:21   | Killed Bis Ifi the pandemonium lord
119787 | Zig:21   | Killed Cozeon the pandemonium lord
119829 | Zig:21   | Got a scorched amber ring
119830 | Zig:21   | Identified the ring "Mowuos" {rElec MR+ EV+2 Stlth+} (You found it on level 21 of a ziggurat)
120029 | Zig:22   | Entered Level 22 of a ziggurat
120053 | Zig:22   | Reached skill level 10 in Unarmed Combat
120054 | Zig:22   | Reached skill level 15 in Unarmed Combat
120171 | Zig:22   | Got an ancient silver ring
120375 | Zig:22   | Identified the ring of Votera {Ice rElec Int+4} (You found it on level 22 of a ziggurat)
120381 | Zig:23   | Entered Level 23 of a ziggurat
120395 | Zig:23   | Noticed an orb of fire
120395 | Zig:23   | Noticed an orb of fire
120395 | Zig:23   | Noticed an orb of fire
120395 | Zig:23   | Noticed an orb of fire
120396 | Zig:23   | Noticed an orb of fire
120396 | Zig:23   | Noticed an orb of fire
120396 | Zig:23   | Noticed an orb of fire
120396 | Zig:23   | Noticed an orb of fire
120396 | Zig:23   | Noticed an orb of fire
120396 | Zig:23   | Noticed an orb of fire
120396 | Zig:23   | Noticed an orb of fire
120396 | Zig:23   | Noticed an orb of fire
120396 | Zig:23   | Noticed an orb of fire
120396 | Zig:23   | Noticed an orb of fire
120396 | Zig:23   | Noticed an orb of fire
120396 | Zig:23   | Noticed an orb of fire
120398 | Zig:23   | Noticed an orb of fire
120401 | Zig:23   | Noticed an orb of fire
120403 | Zig:23   | Noticed an orb of fire
120404 | Zig:23   | Killed an orb of fire
120404 | Zig:23   | Killed an orb of fire
120404 | Zig:23   | Killed an orb of fire
120404 | Zig:23   | Killed an orb of fire
120404 | Zig:23   | Killed an orb of fire
120404 | Zig:23   | Killed an orb of fire
120404 | Zig:23   | Killed an orb of fire
120404 | Zig:23   | Killed an orb of fire
120407 | Zig:23   | Noticed an orb of fire
120407 | Zig:23   | Killed an orb of fire
120408 | Zig:23   | Noticed an orb of fire
120408 | Zig:23   | Noticed an orb of fire
120409 | Zig:23   | Noticed an orb of fire
120409 | Zig:23   | Noticed an orb of fire
120410 | Zig:23   | Noticed an orb of fire
120410 | Zig:23   | Killed an orb of fire
120411 | Zig:23   | Noticed an orb of fire
120412 | Zig:23   | Noticed an orb of fire
120412 | Zig:23   | Noticed an orb of fire
120412 | Zig:23   | Noticed an orb of fire
120414 | Zig:23   | Noticed an orb of fire
120414 | Zig:23   | Noticed an orb of fire
120414 | Zig:23   | Noticed an orb of fire
120415 | Zig:23   | Noticed an orb of fire
120415 | Zig:23   | Noticed an orb of fire
120415 | Zig:23   | Killed an orb of fire
120416 | Zig:23   | Killed an orb of fire
120416 | Zig:23   | Killed an orb of fire
120417 | Zig:23   | Noticed an orb of fire
120418 | Zig:23   | Killed an orb of fire
120419 | Zig:23   | Killed an orb of fire
120419 | Zig:23   | Killed an orb of fire
120419 | Zig:23   | Killed an orb of fire
120419 | Zig:23   | Killed an orb of fire
120419 | Zig:23   | Killed an orb of fire
120420 | Zig:23   | Noticed an orb of fire
120421 | Zig:23   | Killed an orb of fire
120421 | Zig:23   | Killed an orb of fire
120422 | Zig:23   | Killed an orb of fire
120422 | Zig:23   | Killed an orb of fire
120422 | Zig:23   | Killed an orb of fire
120422 | Zig:23   | Killed an orb of fire
120422 | Zig:23   | Killed an orb of fire
120422 | Zig:23   | Killed an orb of fire
120424 | Zig:23   | Noticed an orb of fire
120425 | Zig:23   | Killed an orb of fire
120428 | Zig:23   | Killed an orb of fire
120428 | Zig:23   | Killed an orb of fire
120429 | Zig:23   | Killed an orb of fire
120429 | Zig:23   | Killed an orb of fire
120431 | Zig:23   | Killed an orb of fire
120431 | Zig:23   | Killed an orb of fire
120431 | Zig:23   | Killed an orb of fire
120437 | Zig:23   | Killed an orb of fire
120437 | Zig:23   | Killed an orb of fire
120503 | Zig:23   | Got an encrusted war axe
120504 | Zig:23   | Identified the +9 war axe "Zetysut" {flame, rF+++ rC++ Int-5 Stlth+} (You found it on level 23 of a ziggurat)
120671 | Zig:23   | Got a crystal war axe
120672 | Zig:23   | Identified the +3 war axe "Killer Bee's Foe" {chop, MR+} (You found it on level 23 of a ziggurat)
120690 | Zig:24   | Entered Level 24 of a ziggurat
120704 | Zig:24   | Noticed an ancient lich
120704 | Zig:24   | Noticed an ancient lich
120705 | Zig:24   | Noticed an ancient lich
120705 | Zig:24   | Noticed an ancient lich
120705 | Zig:24   | Noticed an ancient lich
120705 | Zig:24   | Noticed an ancient lich
120705 | Zig:24   | Noticed an ancient lich
120705 | Zig:24   | Noticed an ancient lich
120705 | Zig:24   | Noticed an ancient lich
120705 | Zig:24   | Noticed an ancient lich
120705 | Zig:24   | Noticed an ancient lich
120706 | Zig:24   | Noticed an ancient lich
120706 | Zig:24   | Noticed an ancient lich
120706 | Zig:24   | Noticed an ancient lich
120706 | Zig:24   | Noticed an ancient lich
120706 | Zig:24   | Noticed an ancient lich
120706 | Zig:24   | Noticed an ancient lich
120706 | Zig:24   | Noticed an ancient lich
120706 | Zig:24   | Noticed an ancient lich
120706 | Zig:24   | Noticed an ancient lich
120706 | Zig:24   | Noticed an ancient lich
120706 | Zig:24   | Noticed an ancient lich
120706 | Zig:24   | Noticed an ancient lich
120713 | Zig:24   | Reached skill level 27 in Unarmed Combat
120714 | Zig:24   | Noticed an ancient lich
120714 | Zig:24   | Noticed an ancient lich
120714 | Zig:24   | Killed an ancient lich
120716 | Zig:24   | Killed an ancient lich
120717 | Zig:24   | Killed an ancient lich
120718 | Zig:24   | Killed an ancient lich
120719 | Zig:24   | Killed an ancient lich
120719 | Zig:24   | Killed an ancient lich
120719 | Zig:24   | Killed an ancient lich
120719 | Zig:24   | Killed an ancient lich
120720 | Zig:24   | Killed an ancient lich
120721 | Zig:24   | Killed an ancient lich
120721 | Zig:24   | Killed an ancient lich
120721 | Zig:24   | Killed an ancient lich
120722 | Zig:24   | Killed an ancient lich
120723 | Zig:24   | Killed an ancient lich
120724 | Zig:24   | Killed an ancient lich
120726 | Zig:24   | Killed an ancient lich
120727 | Zig:24   | Killed an ancient lich
120728 | Zig:24   | Killed an ancient lich
120733 | Zig:24   | Noticed an ancient lich
120733 | Zig:24   | Killed an ancient lich
120735 | Zig:24   | Killed an ancient lich
120736 | Zig:24   | Killed an ancient lich
120739 | Zig:24   | Noticed an ancient lich
120740 | Zig:24   | Killed an ancient lich
120741 | Zig:24   | Killed an ancient lich
120743 | Zig:24   | Noticed an ancient lich
120756 | Zig:24   | Killed an ancient lich
120758 | Zig:24   | Killed an ancient lich
120774 | Zig:24   | Killed an ancient lich
120779 | Zig:24   | Killed an ancient lich
120791 | Zig:24   | Killed an ancient lich
120832 | Zig:24   | Got a smoking tin ring
120833 | Zig:24   | Identified the ring of Wujirch {+Fly rN+ Str+2} (You found it on level 24 of a ziggurat)
120836 | Zig:24   | Got a slimy glass ring
120837 | Zig:24   | Identified the ring "Eshit" {rN+ MR- Int+2 Stlth+} (You found it on level 24 of a ziggurat)
120858 | Zig:24   | Got an ichor-stained helmet
120859 | Zig:24   | Identified the +1 helmet "Geitette" {rElec} (You found it on level 24 of a ziggurat)
121061 | Zig:24   | Got a fine war axe
121062 | Zig:24   | Identified the +2 war axe "Munuh" {elec, rN+} (You found it on level 24 of a ziggurat)
121075 | Zig:25   | Entered Level 25 of a ziggurat
121117 | Zig:25   | Reached skill level 27 in Charms
121127 | Zig:25   | Reached skill level 1 in Maces & Flails
121137 | Zig:25   | Reached skill level 5 in Maces & Flails
121162 | Zig:25   | Reached skill level 10 in Maces & Flails
121200 | Zig:25   | Reached skill level 15 in Maces & Flails
121606 | Zig:26   | Entered Level 26 of a ziggurat
121614 | Zig:26   | Noticed an ancient lich
121615 | Zig:26   | Noticed an ancient lich
121615 | Zig:26   | Noticed an ancient lich
121615 | Zig:26   | Noticed an ancient lich
121615 | Zig:26   | Noticed an ancient lich
121615 | Zig:26   | Noticed an ancient lich
121615 | Zig:26   | Noticed an ancient lich
121615 | Zig:26   | Noticed an ancient lich
121615 | Zig:26   | Noticed an ancient lich
121615 | Zig:26   | Noticed an ancient lich
121615 | Zig:26   | Noticed an ancient lich
121615 | Zig:26   | Noticed an ancient lich
121615 | Zig:26   | Noticed an ancient lich
121617 | Zig:26   | Noticed an ancient lich
121623 | Zig:26   | Noticed an ancient lich
121623 | Zig:26   | Noticed an ancient lich
121624 | Zig:26   | Noticed an ancient lich
121625 | Zig:26   | Noticed an ancient lich
121625 | Zig:26   | Noticed an ancient lich
121625 | Zig:26   | Noticed an ancient lich
121628 | Zig:26   | Noticed an ancient lich
121628 | Zig:26   | Killed an ancient lich
121629 | Zig:26   | Noticed an ancient lich
121629 | Zig:26   | Killed an ancient lich
121629 | Zig:26   | Killed an ancient lich
121629 | Zig:26   | Killed an ancient lich
121629 | Zig:26   | Killed an ancient lich
121630 | Zig:26   | Noticed an ancient lich
121630 | Zig:26   | Noticed an ancient lich
121631 | Zig:26   | Killed an ancient lich
121633 | Zig:26   | Noticed an ancient lich
121634 | Zig:26   | Killed an ancient lich
121634 | Zig:26   | Killed an ancient lich
121634 | Zig:26   | Killed an ancient lich
121634 | Zig:26   | Killed an ancient lich
121634 | Zig:26   | Killed an ancient lich
121634 | Zig:26   | Killed an ancient lich
121634 | Zig:26   | Killed an ancient lich
121634 | Zig:26   | Killed an ancient lich
121634 | Zig:26   | Reached skill level 27 in Maces & Flails
121634 | Zig:26   | Reached skill level 5 in Stealth
121634 | Zig:26   | Killed an ancient lich
121634 | Zig:26   | Killed an ancient lich
121634 | Zig:26   | Reached skill level 10 in Stealth
121635 | Zig:26   | Noticed an ancient lich
121635 | Zig:26   | Noticed an ancient lich
121642 | Zig:26   | Killed an ancient lich
121644 | Zig:26   | Killed an ancient lich
121647 | Zig:26   | Killed an ancient lich
121649 | Zig:26   | Killed an ancient lich
121650 | Zig:26   | Killed an ancient lich
121650 | Zig:26   | Killed an ancient lich
121651 | Zig:26   | Noticed an ancient lich
121653 | Zig:26   | Killed an ancient lich
121653 | Zig:26   | Reached skill level 15 in Stealth
121654 | Zig:26   | Noticed an ancient lich
121654 | Zig:26   | Noticed an ancient lich
121655 | Zig:26   | Killed an ancient lich
121657 | Zig:26   | Killed an ancient lich
121661 | Zig:26   | Killed an ancient lich
121678 | Zig:26   | Noticed an ancient lich
121682 | Zig:26   | Killed an ancient lich
121687 | Zig:26   | Killed an ancient lich
121690 | Zig:26   | Killed an ancient lich
121696 | Zig:26   | Killed an ancient lich
121699 | Zig:26   | Killed an ancient lich
121704 | Zig:26   | Noticed an ancient lich
121711 | Zig:26   | Noticed an ancient lich
121728 | Zig:26   | Noticed an ancient lich
121728 | Zig:26   | Noticed an ancient lich
121732 | Zig:26   | Noticed an ancient lich
121741 | Zig:26   | Noticed an ancient lich
121744 | Zig:26   | Killed an ancient lich
121746 | Zig:26   | Killed an ancient lich
121746 | Zig:26   | Killed an ancient lich
121747 | Zig:26   | Killed an ancient lich
121748 | Zig:26   | Killed an ancient lich
121768 | Zig:26   | Killed an ancient lich
121821 | Zig:26   | Gained mutation: You are partially covered in thin metallic scales (AC +2). [potion of beneficial mutation]
121831 | Zig:26   | Got a pair of transparent boots
121832 | Zig:26   | Identified the cursed +0 pair of boots of the Sailor {rF++ Int+5 Slay-5} (You found it on level 26 of a ziggurat)
122054 | Zig:27   | Entered Level 27 of a ziggurat
122065 | Zig:27   | Noticed an ancient lich
122066 | Zig:27   | Noticed an ancient lich
122069 | Zig:27   | Noticed an ancient lich
122069 | Zig:27   | Noticed an ancient lich
122069 | Zig:27   | Noticed an ancient lich
122069 | Zig:27   | Noticed an ancient lich
122069 | Zig:27   | Noticed an ancient lich
122072 | Zig:27   | Noticed an ancient lich
122075 | Zig:27   | Noticed an ancient lich
122075 | Zig:27   | Noticed an ancient lich
122075 | Zig:27   | Killed an ancient lich
122076 | Zig:27   | Killed an ancient lich
122076 | Zig:27   | Reached skill level 27 in Stealth
122078 | Zig:27   | Noticed an ancient lich
122078 | Zig:27   | Reached skill level 5 in Poison Magic
122078 | Zig:27   | Killed an ancient lich
122080 | Zig:27   | Noticed an ancient lich
122081 | Zig:27   | Killed an ancient lich
122082 | Zig:27   | Killed an ancient lich
122083 | Zig:27   | Reached skill level 10 in Poison Magic
122084 | Zig:27   | Noticed an ancient lich
122085 | Zig:27   | Noticed an ancient lich
122087 | Zig:27   | Noticed an ancient lich
122087 | Zig:27   | Noticed an ancient lich
122087 | Zig:27   | Killed an ancient lich
122087 | Zig:27   | Killed an ancient lich
122090 | Zig:27   | Noticed an ancient lich
122090 | Zig:27   | Killed an ancient lich
122091 | Zig:27   | Noticed an ancient lich
122091 | Zig:27   | Noticed an ancient lich
122091 | Zig:27   | Killed an ancient lich
122091 | Zig:27   | Killed an ancient lich
122092 | Zig:27   | Killed an ancient lich
122092 | Zig:27   | Noticed an ancient lich
122094 | Zig:27   | Killed an ancient lich
122094 | Zig:27   | Reached skill level 15 in Poison Magic
122096 | Zig:27   | Noticed an ancient lich
122096 | Zig:27   | Killed an ancient lich
122102 | Zig:27   | Killed an ancient lich
122105 | Zig:27   | Killed an ancient lich
122105 | Zig:27   | Killed an ancient lich
122105 | Zig:27   | Killed an ancient lich
122105 | Zig:27   | Killed an ancient lich
122107 | Zig:27   | Killed an ancient lich
122107 | Zig:27   | Killed an ancient lich
122111 | Zig:27   | Killed an ancient lich
122170 | Zig:27   | Got a blackened broad axe
122171 | Zig:27   | Identified the +0 broad axe of Raiffif {chop, *Confuse MR+ Dex+2} (You found it on level 27 of a ziggurat)
122191 | Zig:27   | Got a slimy marble ring
122192 | Zig:27   | Identified the ring of Xicoup {EV+1 Stlth+} (You found it on level 27 of a ziggurat)
122209 | Zig:27   | Got a crude lead ring
122210 | Zig:27   | Identified the ring of Pasoed {rPois rC+ MP+9 Dex+3} (You found it on level 27 of a ziggurat)
122230 | Zig:27   | Got a crystal long sword
122231 | Zig:27   | Identified the +9 long sword "Pisu" {vamp, +Blink rPois MP-9} (You found it on level 27 of a ziggurat)
122651 | Pan      | Killed Gloorx Vloq
122658 | Pan      | Got a dark rune of Zot
122852 | Pan      | Entered the realm of Mnoleg.
122978 | Pan      | Noticed Mnoleg
122992 | Pan      | Killed Mnoleg
123006 | Pan      | Got a glowing rune of Zot
123107 | Pan      | Found an exit through the horrors of the Abyss.
123613 | Pan      | Entered the realm of Cerebov.
123826 | Pan      | Noticed Cerebov
123936 | Pan      | Killed Cerebov
124043 | Pan      | Found an exit through the horrors of the Abyss.
124306 | Pan      | Got a brightly glowing executioner's axe
124307 | Pan      | Identified the +4 executioner's axe "Goblin's Death Toll" {chop, +Rage rF- Int+4} (You found it in Pandemonium)
124333 | Pan      | Got a fiery rune of Zot
124389 | Pan      | Got a shimmering cloak
124390 | Pan      | Identified the +1 cloak "Homorew" {MR+} (You found it in Pandemonium)
124857 | Pan      | Took an exit into the Abyss.
124857 | Abyss:1  | Escaped into the Abyss
124888 | Abyss:1  | Found a corrupted altar of Lugonu.
124938 | Abyss:1  | Paralysed by accursed screaming for 1 turns
125195 | Depths:3 | Escaped the Abyss
125683 | Hell     | Entered the Vestibule of Hell
125683 | Hell     | Noticed Geryon
125696 | Hell     | Killed Geryon
125777 | Hell     | Found a gateway to the decaying netherworld of Tartarus.
125861 | Tar:1    | Entered Level 1 of Tartarus
126168 | Tar:4    | Noticed Jory
126187 | Tar:4    | Killed Jory
126438 | Tar:7    | Entered Level 7 of Tartarus
126731 | Tar:7    | Noticed Ereshkigal
126769 | Tar:7    | Killed Ereshkigal
126817 | Tar:7    | Got a bone rune of Zot
127146 | Hell     | Found a gateway to the freezing wastes of Cocytus.
127172 | Coc:1    | Entered Level 1 of Cocytus
127581 | Coc:5    | Reached skill level 27 in Poison Magic
127583 | Coc:5    | Reached skill level 1 in Throwing
127614 | Coc:7    | Entered Level 7 of Cocytus
127702 | Coc:7    | Reached skill level 5 in Throwing
127984 | Coc:7    | Reached skill level 10 in Throwing
128030 | Coc:7    | Got a transparent bone ring
128031 | Coc:7    | Identified the cursed ring "Duanik" {+Fly AC-2 Dex+3} (You found it on level 7 of Cocytus)
128118 | Coc:7    | Noticed Antaeus
128155 | Coc:7    | Killed Antaeus
128182 | Coc:7    | Got a wavering brass ring
128183 | Coc:7    | Identified the ring of Jiodi {rF+ Dex+4 Stlth-} (You took it off Antaeus on level 7 of Cocytus)
128318 | Coc:7    | Got an icy rune of Zot
128407 | Hell     | Found a gateway to the Iron City of Dis.
128421 | Dis:1    | Entered Level 1 of the Iron City of Dis
128874 | Dis:7    | Entered Level 7 of the Iron City of Dis
128931 | Dis:7    | Reached skill level 15 in Throwing
129009 | Dis:7    | Noticed the Serpent of Hell
129064 | Dis:7    | Killed the Serpent of Hell
129089 | Dis:7    | Got a pitted eveningstar
129091 | Dis:7    | Identified the +5 eveningstar "Qoan" {venom, Str+2} (You found it on level 7 of the Iron City of Dis)
129098 | Dis:7    | Noticed Dispater
129155 | Dis:7    | Killed Dispater
129718 | Dis:7    | Got an iron rune of Zot
129753 | Hell     | Found a gateway to the ashen valley of Gehenna.
129768 | Geh:1    | Entered Level 1 of Gehenna
130286 | Geh:7    | Entered Level 7 of Gehenna
130843 | Geh:7    | Noticed Asmodeus
130941 | Geh:7    | Killed Asmodeus
130952 | Geh:7    | Got an obsidian rune of Zot
131617 | Tomb:1   | Entered Level 1 of the Tomb of the Ancients
131973 | Tomb:2   | Noticed an ancient lich
131980 | Tomb:2   | Killed an ancient lich
131987 | Tomb:2   | Noticed Jorgrun
131988 | Tomb:2   | Noticed an ancient lich
132003 | Tomb:2   | Killed Jorgrun
132009 | Tomb:2   | Killed an ancient lich
132041 | Tomb:3   | Entered Level 3 of the Tomb of the Ancients
132049 | Tomb:3   | Noticed NicuTudor's ghost (master DDFi)
132142 | Tomb:3   | Killed NicuTudor's ghost
132202 | Tomb:3   | Got a pair of slimy boots
132203 | Tomb:3   | Identified the +0 pair of boots "Esunifui" {Str+4} (You found it on level 3 of the Tomb of the Ancients)
132392 | Tomb:3   | Got a golden rune of Zot
132435 | Tomb:2   | Noticed Frederick
132483 | Tomb:2   | Killed Frederick
133263 | Zot:5    | Got the Orb of Zot
133277 | Zot:5    | Noticed a seraph
133295 | Zot:5    | Killed a seraph
133402 | Zot:3    | Noticed a seraph
133582 | Depths:3 | Noticed Bufuesh the pandemonium lord
133594 | Depths:3 | Killed Bufuesh the pandemonium lord
133645 | Depths:2 | Noticed Ekylutof the pandemonium lord
133660 | Depths:2 | Killed Ekylutof the pandemonium lord
133677 | Depths:2 | Noticed Oghiab the pandemonium lord
133687 | Depths:2 | Noticed Cobett the pandemonium lord
133696 | Depths:2 | Killed Oghiab the pandemonium lord
133700 | Depths:2 | Killed Cobett the pandemonium lord
133743 | Depths:2 | Noticed a seraph
133747 | Depths:2 | Killed a seraph
133787 | Depths:1 | Noticed Laybeo the pandemonium lord
134133 | D:5      | Reached skill level 27 in Throwing
134142 | D:5      | Noticed Pyeq the pandemonium lord
134155 | D:5      | Killed Pyeq the pandemonium lord
134286 | D:1      | Lost mutation: You are partially covered in thin metallic scales (AC +2). [potion of cure mutation]
134286 | D:1      | Lost mutation: You have a pair of small horns on your head. [potion of cure mutation]
134313 | D:1      | Noticed Nobriw the pandemonium lord
134322 | D:1      | Killed Nobriw the pandemonium lord
134340 | D:$      | Escaped with the Orb!

Action                   |  1- 3 |  4- 6 |  7- 9 | 10-12 | 13-15 | 16-18 | 19-21 | 22-24 | 25-27 || total
-------------------------+-------+-------+-------+-------+-------+-------+-------+-------+-------++-------
Melee: War axe           |    72 |   119 |   395 |  1002 |  1832 |  2105 |  1787 |  2289 | 14706 || 24307
       Flail             |       |       |       |     4 |       |       |       |       |       ||     4
       Scimitar          |       |       |       |       |    29 |   128 |       |       |       ||   157
       Broad axe         |       |       |       |       |       |       |       |   794 |  8398 ||  9192
       Executioner's axe |       |       |       |       |       |       |       |       |   150 ||   150
       Staff             |       |       |       |       |       |       |       |       |   124 ||   124
       Eudemon blade     |       |       |       |       |       |       |       |       |    22 ||    22
       Unarmed           |       |       |       |       |       |       |       |       |    14 ||    14
 Cast: Necromutation     |       |       |       |       |       |       |       |       |   345 ||   345
       Tornado           |       |       |       |       |       |       |       |       |   231 ||   231
       Shatter           |       |       |       |       |       |       |       |       |   169 ||   169
       Haste             |       |       |       |       |       |       |       |       |    61 ||    61
       Controlled Blink  |       |       |       |       |       |       |       |       |    38 ||    38
       Fire Storm        |       |       |       |       |       |       |       |       |    15 ||    15
       Aura of Abjuratio |       |       |       |       |       |       |       |       |    14 ||    14
       Blink             |       |       |       |       |       |       |       |       |     9 ||     9
       Statue Form       |       |       |       |       |       |       |       |       |     4 ||     4
       Deflect Missiles  |       |       |       |       |       |       |       |       |     2 ||     2
Invok: Major Destruction |       |       |       |       |       |     4 |       |       |       ||     4
       Lesser Servant of |       |       |       |       |       |       |       |       |     1 ||     1
 Abil: Device Recharging |       |       |       |     3 |       |       |       |       |       ||     3
       End Transformatio |       |       |       |       |       |       |       |       |    47 ||    47
       Evoke Teleportati |       |       |       |       |       |       |       |       |    22 ||    22
       Evoke Flight      |       |       |       |       |       |       |       |       |     4 ||     4
       Stop Flying       |       |       |       |       |       |       |       |       |     1 ||     1
Evoke: Wand              |       |     3 |    19 |    31 |     7 |    20 |     3 |    14 |   105 ||   202
       Lamp of fire      |       |       |       |       |       |       |       |     2 |     9 ||    11
       Phial of floods   |       |       |       |       |       |       |       |     1 |     6 ||     7
       Disc of storms    |       |       |       |       |       |       |       |     1 |   434 ||   435
       Sack of spiders   |       |       |       |       |       |       |       |       |     2 ||     2
       Crystal ball of e |       |       |       |       |       |       |       |       |   270 ||   270
       Fan of gales      |       |       |       |       |       |       |       |       |    16 ||    16
       Staff of energy   |       |       |       |       |       |       |       |       |     7 ||     7
       Phantom mirror    |       |       |       |       |       |       |       |       |     2 ||     2
  Use: Scroll            |       |    12 |    13 |     8 |    18 |    20 |    25 |    34 |   204 ||   334
       Potion            |       |     3 |    14 |     7 |     4 |    20 |     5 |     6 |   124 ||   183
 Stab: Paralysed         |       |       |     4 |       |     1 |       |       |       |     5 ||    10
       Invisible         |       |       |       |       |       |     5 |       |    30 |    38 ||    73
       Confused          |       |       |       |       |       |     3 |       |       |    17 ||    20
       Distracted        |       |       |       |       |       |       |       |     1 |   141 ||   142
       Petrified         |       |       |       |       |       |       |       |       |    21 ||    21
       Petrifying        |       |       |       |       |       |       |       |       |    16 ||    16
       Sleeping          |       |       |       |       |       |       |       |       |     1 ||     1
  Eat: Chunk             |       |     7 |    18 |    29 |    56 |    18 |    13 |     4 |    14 ||   159
       Royal jelly       |       |       |       |       |     2 |     1 |     2 |     1 |    15 ||    21
       Pizza             |       |       |       |       |     1 |     4 |     1 |     4 |     9 ||    19
       Beef jerky        |       |       |       |       |     3 |     1 |     4 |     8 |     7 ||    23
       Fruit             |       |       |       |       |     1 |    10 |     1 |    13 |    12 ||    37
       Meat ration       |       |       |       |       |       |     1 |     2 |     2 |    18 ||    23
       Bread ration      |       |       |       |       |       |       |       |       |    28 ||    28
